 Dungeon Crawl Stone Soup version 0.31-a0-1237-gabc64e778c (webtiles) character file.

Game seed: 15846811900160037884

1908131 MackTheKnife the Slayer (level 25, 185/192 HPs)
             Began as an Armataur Hedge Wizard on Dec 15, 2023.
             Was the Champion of Hepliaklqana.
             Escaped with the Orb
             ... and 3 runes!
             The game lasted 01:46:19 (52371 turns).

MackTheKnife the Slayer (Armataur Hedge Wizard)    Turns: 52371, Time: 01:46:20

Health: 185/192    AC: 29    Str: 38    XL:     25   Next: 73%
Magic:  37/37      EV: 17    Int: 23    God:    Hepliaklqana [******]
Gold:   8275       SH: 29    Dex: 18    Spells: 18/44 levels left

rFire   + + +        y - +18 lance "Wyrmbane" {slay drac, rPois rF+ rC+ AC+3}
rCold   + + .        j - +7 tower shield {rF+}
rNeg    . . .        E - +2 robe of Generosity {rElec Str+7 Int+5}
rPois   +            x - +4 helmet of Liej {rCorr Int-2 Slay+3}
rElec   +            H - +2 cloak {Will+}
rCorr   +            Q - +0 pair of gloves of Inaction {rC+ Str+3}
SInv    .            L - +3 barding of Impressiveness {rElec rF++ rC- Slay+2}
Will    ++...        s - amulet "Hiluwama" {Faith rPois Regen+ Str-2 Slay+6}
Stlth   ++           r - ring "Eheseutt" {Ice rPois Str+10 Dex+3 Stlth-}
HPRegen 1.32/turn    K - ring of the Scavenger {*Slow rElec rF+ EV+5 Int+5}
MPRegen 0.25/turn

%: slow self (1%), roll, faith
@: slowed, very slow
A: reduced essence, large, deformed body, tough skin 3, armoured tail, roll 2,
long tongue, fangs 1, dopey 1, mutation resistance 1, MP-powered wands
0: Orb of Zot
}: 3/15 runes: barnacled, silver, gossamer
a: Renounce Religion, Recall Ancestor, Ancestor Identity, Transference, Idealise


You escaped.
You worshipped Hepliaklqana.
Hepliaklqana was exalted by your worship.
You visited 10 branches of the dungeon, and saw 48 of its levels.
You also visited: Trove, Gauntlet and Volcano.

You collected 11091 gold pieces.
You spent 2816 gold pieces at shops.


Innate Abilities, Weirdness & Mutations

Your life essence is reduced to manifest your ancestor. (-10% HP)
Armour fits poorly on your strangely shaped body.
You have extremely tough skin. (AC +3)
You have a long armoured tail.
You roll and regenerate health when moving toward enemies. (Rampage Heal)
Your long tongue fully drains potion bottles. (2x potion effects)
You have very sharp teeth.
You are dopey. (Int -2)
You are somewhat resistant to further mutation.
You expend magic power (3 MP) to strengthen your wands.


   Skills:
 + Level 21.0 Fighting
 - Level 2.0 Short Blades
 - Level 14.0 Polearms
 - Level 12.0 Armour
 - Level 8.0 Dodging
 - Level 14.0 Stealth
 - Level 20.0 Shields
 - Level 10.0 Spellcasting
 - Level 8.0 Conjurations
 - Level 2.0 Summonings
 - Level 12.0 Necromancy
 - Level 1.0 Translocations
 - Level 4.0 Transmutations
 - Level 12.0 Ice Magic
 - Level 8.0 Air Magic
 - Level 7.5 Poison Magic
 - Level 8.0 Invocations
 - Level 4.0 Evocations


You had 18 spell levels left.
You knew the following spells:

 Your Spells              Type           Power      Damage    Failure   Level
a - Magic Dart            Conj           100%       1d8       1%          1
b - Simulacrum            Ice/Necr       39%        N/A       9%          6
c - Frozen Ramparts       Ice            100%       1d16      1%          3
d - Wereblood             Tmut           29%        N/A       2%          2
e - Mephitic Cloud        Conj/Pois/Air  47%        N/A       1%          3
f - Blink                 Tloc           32%        N/A       8%          2
g - Freezing Cloud        Conj/Ice/Air   34%        6-21      4%          5
A - Animate Dead          Necr           61%        N/A       1%          4

Your spell library contained the following spells:

 Spells                   Type           Power      Damage    Failure   Level
 Foxfire                  Conj/Fire      100%       2x1d9     1%          1
 Freeze                   Ice            100%       1d10      1%          1
 Kiss of Death            Conj/Necr      100%       2d13      1%          1
 Necrotise                Necr           100%       1d9       1%          1
 Shock                    Conj/Air       100%       1d9       1%          1
 Sting                    Tmut/Pois      100%       1d8       1%          1
 Cigotuvi's Dreadful Rot  Necr/Pois/Air  100%       N/A       1%          2
 Ensorcelled Hibernation  Hex/Ice        100%       N/A       1%          2
 Poisonous Vapours        Pois/Air       94%        N/A       1%          2
 Searing Ray              Conj           96%        2d7       1%          2
 Sublimation of Blood     Necr           61%        N/A       1%          2
 Hailstorm                Conj/Ice       72%        3d13      1%          3
 Swiftness                Air            48%        N/A       1%          3
 Vampiric Draining        Necr           61%        2d10      1%          3
 Dispel Undead            Necr           61%        3d21      1%          4
 Summon Small Mammal      Summ           80%        N/A       3%          1
 Airstrike                Air            24%        2d(4-20)  3%          4
 Olgreb's Toxic Radiance  Pois           46%        N/A       3%          4
 Dazzling Flash           Conj/Hex       58%        N/A       4%          3
 Ignite Poison            Fire/Tmut/Pois 29%        N/A       4%          3
 Stone Arrow              Conj/Erth      58%        3d10      4%          3
 Summon Ice Beast         Ice/Summ       60%        N/A       4%          4
 Apportation              Tloc           32%        N/A       5%          1
 Call Imp                 Summ           40%        N/A       5%          2
 Passwall                 Tmut/Erth      16%        N/A       5%          2
 Anguish                  Hex/Necr       19%        N/A       7%          4
 Slow                     Hex            44%        N/A       8%          1
 Lesser Beckoning         Tloc           32%        N/A       8%          2
 Arcjolt                  Conj/Air       24%        1d34      9%          5
 Death Channel            Necr           30%        N/A       9%          6
 Call Canine Familiar     Summ           20%        N/A       11%         3
 Jinxbite                 Hex            22%        N/A       12%         2
 Iskenderun's Mystic Bla  Conj/Tloc      32%        2d8       12%         4
 Vhi's Electric Charge    Tloc/Air       64%        N/A       12%         4
 Gell's Gravitas          Tloc           16%        N/A       16%         3
 Summon Guardian Golem    Hex/Summ       16%        N/A       16%         3
 Teleport Other           Tloc           16%        N/A       16%         3
 Fulminant Prism          Conj/Hex       14%        3d8       16%         4
 Volatile Blastmotes      Fire/Tloc      26%        2d12      19%         3
 Borgnjor's Vile Clutch   Necr/Erth      19%        N/A       19%         5
 Irradiate                Conj/Tmut      19%        3d18      19%         5
 Metabolic Englaciation   Hex/Ice        27%        N/A       19%         5
 Alistair's Intoxication  Tmut/Pois      24%        N/A       21%         5
 Confusing Touch          Hex            11%        N/A       24%         3
 Inner Flame              Hex/Fire       11%        N/A       24%         3
 Sigil of Binding         Hex            11%        N/A       24%         3
 Tukima's Dance           Hex            11%        N/A       24%         3
 Petrify                  Tmut/Erth      20%        N/A       34%         4
 Conjure Ball Lightning   Conj/Air       24%        3x3d7     41%         6
 Ozocubu's Refrigeration  Ice            39%        4d16      43%         7
 Animate Armour           Summ/Erth      32%        N/A       45%         4
 Dimensional Bullseye     Hex/Tloc       6%         N/A       54%         4
 Cause Fear               Hex            5%         N/A       61%         4
 Leda's Liquefaction      Hex/Erth       5%         N/A       61%         4
 Yara's Violent Unravell  Hex/Tmut       10%        3d6       67%         5
 Summon Forest            Summ/Tloc      9%         N/A       75%         5
 Eringya's Noxious Bog    Tmut/Pois      18%        4d6       75%         6
 Summon Mana Viper        Hex/Summ       16%        N/A       82%         5
 Plasma Beam              Fire/Air       14%        2x1d25    93%         6
 Starburst                Conj/Fire      14%        6d6       93%         6
 Orb of Destruction       Conj           24%        9d9       94%         7
 Haunt                    Necr/Summ      21%        N/A       98%         7
 Infestation              Necr           30%        N/A       98%         8
 Summon Cactus Giant      Summ           10%        N/A       99%         6
 Enfeeble                 Hex            5%         N/A       100%        7
 Monstrous Menagerie      Summ           10%        N/A       100%        7
 Spellforged Servitor     Conj/Summ      17%        N/A       100%        7
 Summon Hydra             Summ           10%        N/A       100%        7
 Lehudib's Crystal Spear  Conj/Erth      14%        10d5      100%        8
 Maxwell's Capacitive Co  Air            24%        ∞         100%        8
 Polar Vortex             Ice            39%        12d5*     100%        9

Inventory:

Hand Weapons
 y - the +18 lance "Wyrmbane" (weapon) {slay drac, rPois rF+ rC+ AC+3}
   (You took it off a deep elf annihilator on level 3 of the Elven Halls)

   AC+3:      It affects your AC (+3).
   rF+:       It protects you from fire.
   rC+:       It protects you from cold.
   rPois:     It protects you from poison
Armour
 j - a +7 tower shield of fire resistance (worn)
   (You found it in a volcano)
 x - the +4 helmet of Liej (worn) {rCorr Int-2 Slay+3}
   (You found it on level 1 of the Lair of Beasts)

   Int-2:     It affects your intelligence (-2).
   Slay+3:    It affects your accuracy & damage with ranged weapons and melee
   (+3).
   rCorr:     It protects you from acid and corrosion.
 E - the +2 robe of Generosity (worn) {rElec Str+7 Int+5}
   (You found it on level 7 of the Dungeon)

   Str+7:     It affects your strength (+7).
   Int+5:     It affects your intelligence (+5).
   rElec:     It insulates you from electricity.
 H - a +2 cloak of willpower (worn)
   (You found it in a Gauntlet)
 L - the +3 barding of Impressiveness (worn) {rElec rF++ rC- Slay+2}
   (You found it in a treasure trove)

   Slay+2:    It affects your accuracy & damage with ranged weapons and melee
   (+2).
   rF++:      It greatly protects you from fire.
   rC-:       It makes you vulnerable to cold.
   rElec:     It insulates you from electricity.
 Q - the +0 pair of gloves of Inaction (worn) {rC+ Str+3}
   (You found it in a treasure trove)

   Str+3:     It affects your strength (+3).
   rC+:       It protects you from cold.
Jewellery
 r - the ring "Eheseutt" (left hand) {Ice rPois Str+10 Dex+3 Stlth-}
   (You took it off Josephina on level 4 of the Depths)

   [ring of ice]

   Ice:       It enhances your ice magic.
   Str+10:    It affects your strength (+10).
   Dex+3:     It affects your dexterity (+3).
   rF-:       It makes you vulnerable to fire.
   rC+:       It protects you from cold.
   rPois:     It protects you from poison Stlth-: It makes you less stealthy.
 s - the amulet "Hiluwama" (around neck) {Faith rPois Regen+ Str-2 Slay+6}
   (You acquired it on level 9 of the Dungeon)

   [amulet of faith]

   Faith:     It allows you to gain divine favour quickly.
   Str-2:     It affects your strength (-2).
   Slay+6:    It affects your accuracy & damage with ranged weapons and melee
   (+6).
   rPois:     It protects you from poison Regen+: It increases your rate of
   health regeneration.
 z - the ring of Kaedgh {rElec Will+ Int+6}
   (You took it off a deep elf zephyrmancer on level 3 of the Elven Halls)

   [ring of intelligence]

   Int+6:     It affects your intelligence (+6).
   rElec:     It insulates you from electricity.
   Will+:     It increases your willpower.
 K - the ring of the Scavenger (right hand) {*Slow rElec rF+ EV+5 Int+5}
   (You found it in a Gauntlet)

   [ring of evasion]

   EV+5:      It affects your evasion (+5).
   Int+5:     It affects your intelligence (+5).
   rF+:       It protects you from fire.
   rElec:     It insulates you from electricity.
   *Slow:     It may slow you when you take damage.
 T - the ring "Ibua" {Will+ Str+7 Int+2 Dex-5}
   (You found it on level 4 of the Shoals)

   [ring of willpower]

   Str+7:     It affects your strength (+7).
   Int+2:     It affects your intelligence (+2).
   Dex-5:     It affects your dexterity (-5).
   Will+:     It increases your willpower.
Wands
 F - a wand of acid (28)
   (You found it on level 11 of the Dungeon)
 J - a wand of roots (30)
   (You found it on level 9 of the Dungeon)
 X - a wand of digging (19)
   (You bought it in a shop on level 2 of the Shoals)
Scrolls
 c - 2 scrolls of teleportation {@r4}
 e - 6 scrolls of fog
 g - 3 scrolls of immolation {!r!r}
 h - 3 scrolls of blinking {!r}
 q - a scroll of brand weapon
 C - 4 scrolls of fear
 G - a scroll of butterflies
 O - 3 scrolls of silence {!r}
 P - 5 scrolls of poison
 S - 7 scrolls of vulnerability {!r!r}
 W - 3 scrolls of enchant weapon
Potions
 a - 6 potions of mutation {!q}
 d - 3 potions of magic
 i - 2 potions of enlightenment
 k - 2 potions of resistance
 l - 2 potions of cancellation
 m - 6 potions of haste {@q3}
 n - 4 potions of heal wounds {@q2}
 p - 10 potions of brilliance
 A - 27 potions of curing {@q1}
 B - 8 potions of might
 D - 3 potions of ambrosia
 R - 3 potions of invisibility
Miscellaneous
 b - a phial of floods
   (You found it on level 2 of the Lair of Beasts)
 f - a box of beasts
   (You found it on level 2 of the Depths)
 N - a lightning rod (4/4)
   (You found it in a Gauntlet)
 U - a phantom mirror
   (You found it on level 4 of the Shoals)
 Y - a condenser vane
   (You found it on level 2 of the Shoals)

Dungeon Overview and Level Annotations

Branches:
Dungeon (15/15)            Temple (1/1) D:5            Lair (5/5) D:11
 Shoals (4/4) Lair:2       Spider (4/4) Lair:3        Slime (0/5) Lair:4
    Orc (2/2) D:9             Elf (3/3) Orc:2        Vaults (5/5) D:14
  Crypt (0/3) Vaults:3     Depths (4/4) D:15            Zot (5/5) Depths:4
Volcano (visited)         Gauntlet (visited)

Altars:
Ashenzari
Cheibriados
Dithmenos
Elyvilon
Fedhas
Gozag
Hepliaklqana
Kikubaaqudgha
Makhleb
Nemelex Xobeh
Okawaru
Qazlal
Ru
Sif Muna
Trog
Uskayaw
Vehumet
Wu Jian
Xom
Yredelemnul
Zin
The Shining One

Shops:
D:7 (   D:10 (   D:11 (   D:12 *   Orc:1 *   Orc:2 (?[[[   Elf:1 =(   Elf:2 *
Shoals:2 *   Vaults:1 ?   Vaults:4 (   Depths:1 =[(?   Depths:4 *

Portals:
Hell: Depths:1 Depths:2 Depths:3 Depths:4
Abyss: Depths:1 Depths:2 Depths:3
Pandemonium: Depths:2 Depths:3 Depths:4
Ziggurat: Depths:1

Annotations:
D:5 3 runed translucent doors, nago's ghost, weakling DjDe
D:10 exclusion: orange crystal statue
D:14 Boris
Shoals:1 6 transporters
Elf:2 exclusion: door
Zot:5 exclusion: 3 upstairs

...####.# ####.##.......... ...#
#.# #######....##.......... ...#
#.###...................... ...#
#.#...♣♣♣♣♣♣♣♣♣....#....... ...#
#.#.#.♣PP..PP..♣...#....... .###
#.....♣PP..P...♣...#.####..
.########...♣..PP2..P♣...#.####..
....†...#.#.♣..P...PP♣...........
........#.#.♣PP.@.P..♣..##.####..
........#.#.♣P...PP..♣..##.# #..
###.....#.#.♣...P..PP♣..##.# #..
#[......#.#.♣..PP..PP♣.....####..
..#.....#.#..♣♣♣♣♣♣♣♣♣.###......)
###.....#.#............#####.....
..........########.........####..
########### #....#.........##....
# #..............##.##.


You could see a green death.


Message History

There is a stone staircase leading down here. 😕 HP[+4] MP[+1]
You regained 4 hp, and now have 187/192 hp.
What level of the Dungeon? (default 1, ? - help)
There is a stone staircase leading up here.
You climb upwards.
There is a stone staircase leading down here.
There is a stone staircase leading up here.
You climb upwards.
There is a stone staircase leading down here.
There is an open door here.
Things that are here:
a +0 whip {mace}; a +0 short sword {short} A profane servitor comes into view.
It is wielding a +2 whip. 😎 HP[+5] MP[+1]
Your hp is fully restored (192).
Your mp is fully restored (37).
You roll towards the profane servitor!
You block the profane servitor's attack. x2
You miss the profane servitor.
Your tail-slap misses the profane servitor.
Your bite misses the profane servitor.
You block the profane servitor's attack. x2
You impale the profane servitor!!
You block the profane servitor's attack. x2
You barely miss the profane servitor. Your bite misses the profane servitor.
You block the profane servitor's attack. x2
You impale the profane servitor!! You miss the profane servitor.
You block the profane servitor's attack. x2
Wigmund is recalled.
The profane servitor hits you but does no damage.
You block the profane servitor's attack. x3 😎 MP[-2]
You lost 2 mp, and now have 35/37 mp.
You hit the profane servitor but do no damage.
You impale the profane servitor!!
You block the profane servitor's attack. x2
Wigmund casts a spell at the profane servitor.
The crystal spear hits the profane servitor!!
You puncture the profane servitor!
You block the profane servitor's attack.
The profane servitor barely misses you.
You miss the profane servitor.
Your tail-slap misses the profane servitor.
You block the profane servitor's attack. x2
Wigmund hits the profane servitor with a +0 lajatang of freezing!!
Wigmund freezes the profane servitor.
You miss the profane servitor.
The profane servitor closely misses you.
You block the profane servitor's attack.
Wigmund barely misses the profane servitor.
You barely miss the profane servitor. You tail-slap the profane servitor!
You destroy the profane servitor! 😎 MP[+1]
You swap places.
There is a stone staircase leading up here. 😎 MP[+1]
Your mp is fully restored (37).
You swap places.
There is a stone staircase leading up here.
You climb upwards.
There is a stone staircase leading down here.
What level of the Dungeon? (default 1, ? - help)
You open the door.
There is an open door here.
There is a stone staircase leading up here.
You climb upwards.
Level annotation: 3 runed translucent doors, nago's ghost, weakling DjDe
There is a stone staircase leading down here.
There is a stone staircase leading up here.
You climb upwards.
Level annotation: Menkaure Menkaure shouts!
There is a stone staircase leading down here.
Menkaure is nearby!
Wigmund hits Menkaure with a +0 lajatang of freezing!
Wigmund freezes Menkaure.
Wigmund hits Menkaure with a +0 lajatang of freezing.
Wigmund freezes Menkaure.
Menkaure is destroyed!
There is a stone staircase leading up here.
You climb upwards.
A profane servitor comes into view. It is wielding a +2 whip.
There is a stone staircase leading down here.
What level of the Dungeon? (default 1, ? - help)
A profane servitor is nearby!
There is an escape hatch in the ceiling here.
A mysterious force pulls you upwards. The hatch slams shut behind you.
What level of the Dungeon? (default 1, ? - help)
There is a stone staircase leading up here.
You climb upwards.
There is a stone staircase leading down here.
Okay, then.
A green death comes into view.
You can't go up here!
There is a staircase leading out of the dungeon here.
The green death gestures at you. The bolt of poison hits you! You resist.
You feel yourself slow down.
You have escaped!

Skill      XL: |  1  2  3  4  5  6  7  8  9 10 11 12 13 14 15 16 17 18 19 20 21 22 23 24 25 |
---------------+----------------------------------------------------------------------------+-----
Conjurations   | 1 2 3 4 7 8 |  8.0
Summonings     | 1 2 |  2.0
Fighting       | 1 3 4 5 9 10 11 12 13 14 15 16 18 20 21 | 21.0
Spellcasting   | 3 5 7 8 10 | 10.0
Ice Magic      | 2 4 6 8 10 11 12 | 12.0
Short Blades   | 2 |  2.0
Air Magic      | 3 4 7 8 |  8.0
Poison Magic   | 3 4 7 |  7.5
Shields        | 7 11 14 16 17 19 20 | 20.0
Invocations    | 6 8 |  8.0
Evocations     | 4 |  4.0
Armour         | 8 12 | 12.0
Necromancy     | 6 8 12 | 12.0
Dodging        | 2 4 7 8 |  8.0
Polearms       | 8 12 14 | 14.0
Transmutations | 4 |  4.0
Stealth        | 12 14 | 14.0
Translocations | |  1.0

Action                     |  1- 3 |  4- 6 |  7- 9 | 10-12 | 13-15 | 16-18 | 19-21 | 22-24 | 25-27 || total
---------------------------+-------+-------+-------+-------+-------+-------+-------+-------+-------++-------
  Melee: Dagger            |    73 |   130 |   204 |   286 |   612 |       |       |       |       ||  1305
         Tailslap          |     7 |    19 |    39 |    57 |   204 |   183 |   269 |   325 |    71 ||  1174
         Punch             |     1 |     1 |     1 |     1 |       |       |       |       |       ||     4
         Bite              |       |       |       |       |   159 |   148 |   206 |   233 |    45 ||   791
         Spear             |       |       |       |       |   287 |   965 |  1536 |   467 |       ||  3255
         Lance             |       |       |       |       |       |       |       |  1205 |   328 ||  1533
  Throw: Dart              |       |    10 |     4 |     4 |       |     1 |       |       |       ||    19
   Cast: Magic Dart        |    75 |    87 |     3 |       |       |       |       |       |       ||   165
         Call Imp          |     3 |     8 |    13 |     1 |     1 |       |       |       |       ||    26
         Frozen Ramparts   |       |     1 |    37 |    30 |    36 |     4 |     2 |     1 |       ||   111
         Mephitic Cloud    |       |       |     6 |    19 |    60 |     8 |     2 |       |       ||    95
         Animate Dead      |       |       |       |       |     3 |     5 |     5 |     9 |     1 ||    23
         Freezing Cloud    |       |       |       |       |       |       |    24 |    19 |     1 ||    44
         Wereblood         |       |       |       |       |       |       |    10 |    13 |     2 ||    25
 Invoke: Ancestor Life: Ba |       |       |     1 |       |       |       |       |       |       ||     1
         Recall Ancestor   |       |       |       |     4 |     2 |     1 |     2 |     4 |    10 ||    23
         Idealise          |       |       |       |     1 |     8 |     4 |     5 |     3 |     2 ||    23
  Evoke: Wand              |       |       |       |     2 |     8 |     3 |       |       |     3 ||    16
         Lightning rod     |       |       |       |       |       |     4 |       |     4 |       ||     8
         Condenser vane    |       |       |       |       |       |       |       |     1 |       ||     1
    Use: Potion            |     1 |       |       |     2 |     6 |     1 |     2 |     7 |    11 ||    30
         Scroll            |       |       |     9 |    16 |     8 |     5 |     7 |    10 |    13 ||    68
   Stab: Sleeping          |     1 |     1 |     1 |     3 |     6 |     4 |     2 |    12 |     3 ||    33
         Distracted        |       |     2 |     1 |       |    17 |    17 |    16 |    22 |    11 ||    86
         Confused          |       |       |       |     4 |    19 |     6 |     1 |       |       ||    30
         Petrified         |       |       |       |       |     9 |       |       |       |       ||     9
         Petrifying        |       |       |       |       |     2 |       |       |       |       ||     2
 Armour: Robe              |    50 |    81 |   156 |   209 |   350 |   185 |   269 |   475 |    96 ||  1871
  Dodge: Dodged            |    32 |    43 |    72 |    92 |   127 |    94 |   142 |   188 |    49 ||   839
  Block: Tower shield      |       |       |       |   275 |   801 |   478 |   712 |   904 |   249 ||  3419

Levels and vault maps discovered:
D:1:      scummos_arrival_checkerplants, layout_basic,
          chequers_hall_statues_corner_a, minmay_tetromino_l2
D:2:      layout_rooms
D:3:      layout_rooms, okawaru_ov_weapons_minmay, minmay_goblin_kobold_house
D:4:      layout_cave_pools, grunt_decor_resistance, kennysheep_generic_room_16,
          uniq_menkaure
D:5:      layout_rooms, minmay_temple_entry_glass, ebering_ghost_gozag,
          uniq_edmund
D:6:      layout_loops_corners, mainiacjoe_overflow_alcove_3, minmay_ruffians
D:7:      layout_loops_ring, lemuel_round_altar, serial_shops,
          nicolae_shop_hallway_stairs, kennysheep_generic_room_2
D:8:      layout_rooms
D:9:      layout_roguey, slow_altar_1, orc_0_dummy, st_stairs_9,
          minmay_librarian
D:10:     layout_irregular_city, serial_shops, shop, minivault_15,
          roderic_lattice_a, corexii_hall_statues_t, minmay_ruined_shrine
D:11:     layout_rooms, grunt_lair_entry_orc_guard_hut, serial_shops, shop,
          special_room [special_room_orc], corexii_leaking_fountain,
          nemelex_xobeh_ov_fountains_minmay
D:12:     layout_loops_ring, serial_shops, shop, biasface_ghost_orc_armoury,
          serial_glass, glass_columns_a, glass_columns_b,
          trog_three_pillars_becter
D:13:     layout_loops_corners, eino_house_with_fridge
D:14:     nzn_winding_woodlands_stair_trap [nzn_winding_woodlands_5x15_crooked,
          nzn_winding_woodlands_5x15_garden, nzn_winding_woodlands_5x15_eye,
          nzn_winding_woodlands_15x15_killbox,
          nzn_winding_woodlands_5x15_lazy_stream,
          nzn_winding_woodlands_5x15_longhouse,
          nzn_winding_woodlands_5x15_jagged], layout_irregular_city,
          erik_vaults_2, gauntlet_entry_generic, vehumet_crystals, led_sif_pool,
          uniq_agnes, uniq_jorgrun
D:15:     grunt_enter_depths_hoard, layout_basic, serial_ice, serial_ice_l,
          serial_ice_a, serial_ice_g, serial_ice_d, nicolae_figureground_sparkle
Temple:   nicolae_temple_bog_church
Lair:1:   gammafunk_cloud_chamber, layout_regular_city,
          infiniplex_staircase_pool_2, grunt_megastairs_4, uniq_nergalle
Lair:2:   layout_cave_pods, minmay_shoals_entry_centaurs, enter_volcano_4,
          beast_lair_carwin_2, grunt_megastairs_1
Lair:3:   layout_chaotic_city, hellmonk_spider_entry_life_and_decay,
          hellmonk_ghost_happy_afterlife
Lair:4:   layout_roguey, nicolae_slime_entry_slimehenge, uniq_sonja
Lair:5:   evilmike_catoblepas_cave, layout_small_grid, serial_bayou_shore_b,
          lemuel_fruit_tree, infiniplex_staircase_pool
Shoals:1: layout_shoals, portal_ice_cave_entry_ugly_swarm,
          serial_nicolae_subway, nicolae_sub_station_stone,
          nicolae_sub_station_crystal, nicolae_sub_station_metal
Shoals:2: layout_shoals, ebering_ghost_reflecting_pool,
          nicolae_shop_overcharged_wands, uniq_mlioglotl, uniq_polyphemus
Shoals:3: layout_shoals
Shoals:4: shoals_end_grunt_ice, layout_shoals, lemuel_oklob_altar
Spider:1: layout_spider_delve, uniq_frances
Spider:2: layout_chambers, nicolae_crawler_farm
Spider:3: layout_spider_delve, uniq_arachne
Spider:4: grunt_spider_rune_parallel, hangedman_stitches_earthworm
Orc:1:    layout_caves, basic_altar, serial_shops,
          nicolae_shop_tiny_real_fake_doors
Orc:2:    st_orc_pillars, layout_diamond_mine, basic_altar, serial_shops,
          shop_fountains
Elf:1:    layout_geoelf_octagon, evilmike_minifort,
          amcnicky_mini_rare_corridor_liquid, minmay_shoptagon, uniq_asterion
Elf:2:    nicolae_elf_blades_crystal_corner, layout_geoelf_grid, serial_shops,
          nicolae_shop_pleasant_corner_grove
Elf:3:    grunt_elf_hall_asides, layout_rooms, gammafunk_ghost_split,
          serial_co_window_serial, co_window_paths_b, co_window_paths_a,
          co_window_corner_a, co_window_corner_a, co_window_paths_a,
          co_window_corner_b, co_window_unsneaky_path_a, co_window_broadway_c,
          glass_columns_a, glass_columns_b, grunt_ministairs_2
Vaults:1: vaults_room_door_hall, v_misc_1,
          nicolae_vaults_corridor_and_loot_room, v_misc_29,
          nicolae_vaults_little_squares_3, nicolae_vaults_little_squares_5,
          nicolae_vaults_octothorpe, nicolae_vaults_house_2,
          layout_vaults_quadrants, nicolae_trove_entry_columns, serial_shops,
          shop, uniq_norris
Vaults:2: nicolae_vaults_wine_cellar, nicolae_vaults_double_plus_2,
          nicolae_vaults_house_1, ontoclasm_vaults_misaligned,
          nicolae_vaults_circle_grid_b, hangedman_vaults_locks,
          nicolae_vaults_security_offices_1, v_misc_16, v_pattern_5,
          nicolae_vaults_tetromino_T_2, nicolae_vaults_diamond_2,
          nicolae_vaults_heart-shaped_vault, vaults_room_door_ring,
          layout_vaults_omnicross
Vaults:3: nicolae_vaults_two_Ls, ontoclasm_vaults_shuriken,
          minmay_crypt_entry_necro_gods, nicolae_vaults_shrinking_rooms_2,
          nicolae_vaults_heart-shaped_vault, ontoclasm_vaults_spin,
          nicolae_vaults_whirlpool_walls, nicolae_vaults_closet_pinwheel_5,
          nicolae_vaults_storage_room_water,
          nicolae_vaults_doubleplus_tesselated, v_alt_pattern_6,
          grunt_vaults_diagonal, hangedman_vaults_impose, layout_vaults_omnibox
Vaults:4: nicolae_vaults_mitosis, nicolae_vaults_security_offices_2,
          hangedman_vaults_capsules, nicolae_vaults_more_shelving_2,
          grunt_vaults_twisty, nicolae_vaults_closet_pinwheel_5,
          nicolae_vaults_more_shelving_1, vaults_room_stairs_pillars, v_misc_25,
          nicolae_vaults_cochlea, vaults_dpeg_hooks,
          nicolae_vaults_specimen_jars, layout_vaults_maze_snakey, serial_shops,
          shop
Vaults:5
Depths:1: layout_honeycomb, enter_ziggurat_a, serial_shops, nicolae_shop_stone,
          shop, shop, nicolae_shop_stone, grunt_metal_band, abyss_entry,
          minmay_shattered_shrine
Depths:2: minmay_tri_box, layout_basic, grunt_hell_entry_dis_old, abyss_entry,
          eino_curves_04, rand_demon_pan_entry_9,
          chequers_serial_rivers_micro_d, serial_bayou_shore_b
Depths:3: minmay_the_grid_triangle_9x9_rhombus_full
          [minmay_the_grid_triangle_9x9_tough_junction,
          minmay_the_grid_triangle_9x9_pentomino_pain,
          minmay_the_grid_triangle_9x9_skeleton,
          minmay_the_grid_triangle_9x9_sprig,
          minmay_the_grid_triangle_9x9_cache,
          minmay_the_grid_triangle_9x9_descending_squares,
          minmay_the_grid_triangle_9x9_steps,
          minmay_the_grid_triangle_9x9_prize_top_heavy], layout_gridville,
          hell_entry, minmay_misc_feat_pillars, abyss_entry,
          grunt_pan_entry_zigzag, uniq_boris, uniq_saint_roka
Depths:4: grunt_crosshair, layout_gridlike, special_room
          [special_room_mythical_zoo], rand_demon_pan_entry_7,
          nicolae_hell_entry_big_baal_hell, serial_sigils_hangedman_scar,
          chequers_serial_rivers_micro_d, uniq_josephina, uniq_parghit
Zot:1:    layout_gridlike, skrybe_zot_glass_1, lemuel_lake_of_fire
Zot:2:    layout_cellular_growth, regret_index_zotdec_banners
Zot:3:    layout_cathedral_of_symmetry, regret_index_zotdec_onion_hex
Zot:4:    ebering_greatest_show_in_zot, layout_cellular_growth
Zot:5:    layout_basic

Notes
Turn   | Place    | Note
-------+----------+-------------------------------------------
     0 | D:1      | MackTheKnife the Armataur Hedge Wizard began the quest for
                  | the Orb.
     0 | D:1      | Reached XP level 1. HP: 13/13 MP: 4/4
     0 | D:1      | magus.rc [v1.9.6]
    29 | D:1      | Reached skill level 1 in Conjurations
   261 | D:1      | Reached XP level 2. HP: 19/19 MP: 0/5
   264 | D:1      | Learned a level 2 spell: Call Imp
   448 | D:1      | Reached skill level 2 in Conjurations
   597 | D:1      | Reached skill level 1 in Summonings
  1359 | D:2      | Reached XP level 3. HP: 24/24 MP: 0/7
  1508 | D:2      | HP: 6/24 [hobgoblin (3)]
  1510 | D:2      | Reached skill level 2 in Summonings
  1766 | D:2      | Reached skill level 1 in Fighting
  2057 | D:2      | Reached XP level 4. HP: 19/33 MP: 2/8
  2299 | D:3      | You pick up a book of Frost and begin reading...
  2299 | D:3      | You add the spells Freeze, Frozen Ramparts and Hailstorm to
                  | your library.
  2308 | D:3      | Reached skill level 2 in Fighting
  2881 | D:3      | Found an iron altar of Okawaru.
  3056 | D:3      | Reached skill level 3 in Fighting
  3232 | D:3      | Reached XP level 5. HP: 41/41 MP: 3/9
  3485 | D:3      | Reached skill level 3 in Spellcasting
  3547 | D:4      | Noticed Menkaure
  3649 | D:4      | Noticed a black bear
  3735 | D:4      | Reached skill level 1 in Ice Magic
  3759 | D:3      | Learned a level 3 spell: Frozen Ramparts
  3905 | D:4      | Killed a black bear
  3906 | D:4      | Reached skill level 2 in Ice Magic
  3959 | D:4      | Reached XP level 6. HP: 47/47 MP: 8/10
  3991 | D:3      | Reached skill level 3 in Ice Magic
  4059 | D:4      | HP: 10/47 [phantom (7)]
  4282 | D:4      | Reached skill level 4 in Ice Magic
  4467 | D:4      | Gained mutation: You roll and regenerate health when moving
                  | toward enemies. (Rampage Heal) [Armataur growth]
  4467 | D:4      | Reached XP level 7. HP: 37/52 MP: 11/11
  4476 | D:4      | Identified the +8 chain mail "Nykhehoo" {Harm Will++ Regen+
                  | Dex-3}
  4771 | D:4      | Reached skill level 5 in Ice Magic
  4982 | D:5      | Entered Level 5 of the Dungeon
  5011 | D:5      | Found a runed translucent gate.
  5012 | D:5      | Found a runed translucent gate.
  5012 | D:5      | Found an opulent altar of Gozag.
  5056 | D:5      | HP: 5/46 [wight/+4 halberd (14)]
  5056 | D:5      | HP: 1/44 [wight/+4 halberd (4)]
  5239 | D:4      | Learned a level 3 spell: Hailstorm
  5261 | D:5      | Reached skill level 6 in Ice Magic
  5544 | D:5      | Found a staircase to the Ecumenical Temple.
  5546 | D:5      | Noticed Edmund
  5572 | D:5      | Killed Edmund
  5573 | D:5      | Reached skill level 1 in Short Blades
  5602 | Temple   | Entered the Ecumenical Temple
  5624 | Temple   | Became a worshipper of Hepliaklqana the Forgotten
  5755 | D:5      | Found a runed translucent gate.
  5757 | D:5      | Noticed nago's ghost (weakling DjDe)
  5757 | D:5      | Noticed a wraith
  5787 | D:5      | Reached skill level 2 in Short Blades
  5803 | D:5      | Reached skill level 4 in Fighting
  5803 | D:5      | Reached XP level 8. HP: 46/60 MP: 7/12
  6126 | D:5      | Learned a level 3 spell: Mephitic Cloud
  6211 | D:6      | Reached skill level 1 in Air Magic
  6211 | D:6      | Reached skill level 1 in Poison Magic
  6229 | D:6      | Reached skill level 2 in Air Magic
  6229 | D:6      | Reached skill level 2 in Poison Magic
  6372 | D:6      | Reached skill level 5 in Fighting
  6609 | D:6      | Reached skill level 3 in Air Magic
  6609 | D:6      | Reached skill level 3 in Poison Magic
  6803 | D:6      | Reached skill level 3 in Conjurations
  6964 | D:6      | Reached XP level 9. HP: 28/69 MP: 1/13
  6965 | D:6      | Reached skill level 6 in Fighting
  7246 | D:6      | Found a shimmering blue altar of Sif Muna.
  7247 | D:6      | Found a burning altar of Makhleb.
  7248 | D:6      | Found a broken altar of Ashenzari.
  7249 | D:6      | Found a glowing silver altar of Zin.
  7792 | D:7      | Reached * piety under Hepliaklqana
  7863 | D:7      | Reached skill level 7 in Fighting
  8013 | D:7      | Found Ujefocw's Weapon Boutique.
  8283 | D:7      | Reached skill level 8 in Fighting
  8402 | D:7      | Identified the +2 robe of Generosity {rElec Str+7 Int+5}
  8521 | D:7      | Found a white marble altar of Elyvilon.
  8888 | D:8      | You add the spells Shock, Conjure Ball Lightning, Plasma
                  | Beam and Monstrous Menagerie to your library.
  8888 | D:8      | Got Hedit's Precepts of Love and Death
  9102 | D:7      | Learned a level 2 spell: Blink
  9310 | D:8      | Reached skill level 9 in Fighting
  9617 | D:9      | Reached ** piety under Hepliaklqana
  9618 | D:9      | Remembered your ancestor Wigmund as a battlemage
  9654 | D:9      | Reached XP level 10. HP: 75/75 MP: 3/14
  9750 | D:9      | Found a snail-covered altar of Cheibriados.
  9878 | D:9      | Reached skill level 10 in Fighting
  9996 | D:9      | Reached skill level 4 in Spellcasting
 10142 | D:9      | Reached skill level 5 in Spellcasting
 10157 | D:9      | Reached skill level 1 in Shields
 10175 | D:9      | Reached skill level 2 in Shields
 10178 | D:9      | Reached skill level 3 in Shields
 10363 | D:9      | Found a staircase to the Orcish Mines.
 10585 | D:9      | Identified a scroll of acquirement
 10585 | D:9      | Acquired the amulet "Hiluwama" {Faith rPois Regen+ Str-2
                  | Slay+6}
 10665 | D:9      | Noticed a deep elf pyromancer
 10675 | D:9      | Killed a deep elf pyromancer
 10676 | D:9      | Reached skill level 4 in Shields
 10706 | D:9      | You pick up a book of Death and begin reading...
 10706 | D:9      | You add the spells Animate Dead, Haunt and Infestation to
                  | your library.
 10712 | D:9      | You pick up a book of Burglary and begin reading...
 10712 | D:9      | You add the spells Passwall, Ensorcelled Hibernation and
                  | Swiftness to your library.
 10723 | D:9      | You pick up a book of Blood and begin reading...
 10723 | D:9      | You add the spells Sublimation of Blood, Wereblood and
                  | Summon Hydra to your library.
 10802 | D:10     | Entered Level 10 of the Dungeon
 10859 | D:10     | Reached skill level 5 in Shields
 10963 | D:10     | Found Gul Puu's Antique Weapon Boutique.
 11071 | D:10     | Reached skill level 6 in Shields
 11072 | D:10     | Reached skill level 7 in Shields
 11366 | D:10     | Reached XP level 11. HP: 79/81 MP: 18/18
 11379 | D:10     | Reached skill level 8 in Shields
 11381 | D:10     | Noticed an orange crystal statue
 11481 | D:10     | Noticed a two-headed ogre
 11497 | D:10     | Reached skill level 9 in Shields
 11502 | D:10     | Killed a two-headed ogre
 11539 | D:10     | Found a snail-covered altar of Cheibriados.
 11547 | D:10     | You pick up a book of Dangerous Friends and begin
                  | reading...
 11547 | D:10     | You add the spells Summon Guardian Golem, Orb of
                  | Destruction and Spellforged Servitor to your library.
 11845 | D:11     | Reached skill level 10 in Shields
 11893 | D:11     | Reached *** piety under Hepliaklqana
 11914 | D:11     | Found Yfuh Yjoor's Weapon Boutique.
 11980 | D:11     | Found a sparkling altar of Nemelex Xobeh.
 12046 | D:11     | Noticed a four-headed hydra
 12061 | D:11     | Killed a four-headed hydra
 12092 | D:11     | You pick up a book of Dangerous Friends and begin
                  | reading...
 12135 | D:11     | Found a staircase to the Lair.
 12250 | D:11     | Reached skill level 11 in Shields
 12352 | D:11     | Noticed a two-headed ogre
 12360 | D:11     | Killed a two-headed ogre
 12361 | D:11     | Reached skill level 11 in Fighting
 12485 | D:11     | magus.rc [v1.9.6]
 12495 | Lair:1   | Entered Level 1 of the Lair of Beasts
 12507 | Lair:1   | Reached XP level 12. HP: 68/90 MP: 7/19
 12513 | Lair:1   | Reached skill level 12 in Shields
 12744 | Lair:1   | Found a transporter.
 13036 | Lair:1   | Noticed a boulder beetle
 13046 | Lair:1   | Killed a boulder beetle
 13076 | Lair:1   | Noticed Nergalle
 13093 | Lair:1   | Killed Nergalle
 13094 | Lair:1   | Reached skill level 12 in Fighting
 13159 | Lair:1   | Reached **** piety under Hepliaklqana
 13187 | Lair:1   | Found a transporter.
 13263 | Lair:1   | Reached skill level 13 in Shields
 13532 | Lair:1   | Identified the +4 helmet of Liej {rCorr Int-2 Slay+3}
 13596 | Lair:2   | Reached skill level 14 in Shields
 13614 | Lair:2   | Reached skill level 1 in Invocations
 13621 | Lair:2   | Reached skill level 2 in Invocations
 13621 | Lair:2   | Found a staircase to the Shoals.
 13635 | Lair:2   | Reached skill level 3 in Invocations
 13674 | Lair:2   | Found a dark tunnel.
 13681 | Volcano  | Entered a volcano
 13772 | Volcano  | Reached skill level 4 in Invocations
 13882 | Volcano  | Reached skill level 5 in Invocations
 13885 | Volcano  | Noticed a two-headed ogre
 13887 | Volcano  | Noticed a two-headed ogre
 13903 | Volcano  | Killed a two-headed ogre
 13984 | Volcano  | Killed a two-headed ogre
 13985 | Volcano  | Reached skill level 6 in Invocations
 13992 | Volcano  | Reached XP level 13. HP: 94/97 MP: 5/20
 14103 | Volcano  | Reached skill level 7 in Invocations
 14192 | Volcano  | Noticed a fire dragon
 14201 | Volcano  | Killed a fire dragon
 14323 | Lair:2   | Reached skill level 8 in Invocations
 14770 | Lair:2   | Reached skill level 4 in Conjurations
 14770 | Lair:2   | Reached skill level 4 in Air Magic
 14770 | Lair:2   | Reached skill level 4 in Poison Magic
 14770 | Lair:2   | Reached skill level 1 in Evocations
 14897 | Lair:2   | Reached ***** piety under Hepliaklqana
 15169 | Lair:2   | Gained mutation: You sometimes lose your temper in combat.
                  | [potion of mutation]
 15169 | Lair:2   | Gained mutation: You are vulnerable to cold. (rC-) [potion
                  | of mutation]
 15169 | Lair:2   | Gained mutation: You expend magic power (3 MP) to
                  | strengthen your wands. [potion of mutation]
 15169 | Lair:2   | Gained mutation: You are partially covered in iridescent
                  | scales. (AC +2) [potion of mutation]
 15169 | Lair:2   | Gained mutation: You are agile. (Dex +4, Str/Int -1)
                  | [potion of mutation]
 15170 | Lair:2   | Lost mutation: You expend magic power (3 MP) to strengthen
                  | your wands. [potion of mutation]
 15170 | Lair:2   | Lost mutation: You are agile. (Dex +4, Str/Int -1) [potion
                  | of mutation]
 15170 | Lair:2   | Lost mutation: You are partially covered in iridescent
                  | scales. (AC +2) [potion of mutation]
 15170 | Lair:2   | Lost mutation: You are vulnerable to cold. (rC-) [potion of
                  | mutation]
 15170 | Lair:2   | Lost mutation: You sometimes lose your temper in combat.
                  | [potion of mutation]
 15170 | Lair:2   | Gained mutation: Your spells are a little easier to cast,
                  | but a little less powerful. [potion of mutation]
 15170 | Lair:2   | Gained mutation: Your tail ends in a venomous barb. [potion
                  | of mutation]
 15170 | Lair:2   | Gained mutation: Your spells are easier to cast, but less
                  | powerful. [potion of mutation]
 15170 | Lair:2   | Gained mutation: Your movements are slightly less
                  | encumbered by armour. (ER -2) [potion of mutation]
 15171 | Lair:2   | Lost mutation: Your spells are easier to cast, but less
                  | powerful. [potion of mutation]
 15171 | Lair:2   | Lost mutation: Your spells are a little easier to cast, but
                  | a little less powerful. [potion of mutation]
 15171 | Lair:2   | Lost mutation: Your tail ends in a venomous barb. [potion
                  | of mutation]
 15171 | Lair:2   | Lost mutation: Your movements are slightly less encumbered
                  | by armour. (ER -2) [potion of mutation]
 15171 | Lair:2   | Gained mutation: You expend magic power (3 MP) to
                  | strengthen your wands. [potion of mutation]
 15171 | Lair:2   | Gained mutation: You are somewhat resistant to further
                  | mutation. [potion of mutation]
 15171 | Lair:2   | Gained mutation: You have very sharp teeth. [potion of
                  | mutation]
 15199 | Lair:3   | Reached skill level 2 in Evocations
 15333 | Lair:3   | Reached skill level 3 in Evocations
 15346 | Lair:3   | Found a runed translucent door.
 15348 | Lair:3   | Noticed hackum's ghost (journeyman DrSh)
 15389 | Lair:3   | Reached skill level 4 in Evocations
 15399 | Lair:3   | Reached skill level 1 in Armour
 15528 | Lair:3   | Reached skill level 3 in Armour
 15537 | Lair:3   | Reached skill level 4 in Armour
 15546 | Lair:3   | Reached skill level 5 in Armour
 15550 | Lair:3   | Reached skill level 6 in Armour
 15671 | Lair:3   | You pick up a book of Hexes and begin reading...
 15671 | Lair:3   | You add the spells Anguish, Cause Fear and Enfeeble to your
                  | library.
 15710 | Lair:3   | Reached skill level 7 in Armour
 15744 | Lair:3   | Found a hole to the Spider Nest.
 16154 | Lair:4   | Reached skill level 8 in Armour
 16355 | Lair:4   | Found a staircase to the Slime Pits.
 16363 | Lair:4   | Reached XP level 14. HP: 99/103 MP: 21/21
 16373 | Lair:4   | Noticed Sonja
 16389 | Lair:4   | Killed Sonja
 16810 | Lair:4   | Reached skill level 15 in Shields
 17004 | Lair:5   | Entered Level 5 of the Lair of Beasts
 17097 | Lair:5   | Learned a level 4 spell: Animate Dead
 17134 | Lair:5   | Reached skill level 1 in Necromancy
 17226 | Lair:5   | Reached skill level 2 in Necromancy
 17273 | Lair:5   | Reached skill level 16 in Shields
 17283 | Lair:5   | Reached skill level 3 in Necromancy
 17720 | Lair:5   | Reached skill level 4 in Necromancy
 18201 | Lair:5   | Reached skill level 5 in Necromancy
 18218 | Lair:5   | Reached skill level 6 in Necromancy
 18707 | Orc:1    | Entered Level 1 of the Orcish Mines
 19003 | Orc:1    | Found Esirihen's General Store.
 19007 | Orc:1    | Reached ****** piety under Hepliaklqana
 19011 | Orc:1    | Bought a potion of heal wounds for 70 gold pieces
 19011 | Orc:1    | Bought a potion of curing for 42 gold pieces
 19117 | Orc:1    | Found a burning altar of Makhleb.
 19352 | Shoals:1 | Entered Level 1 of the Shoals
 19480 | Orc:2    | Entered Level 2 of the Orcish Mines
 19489 | Orc:2    | Found a staircase to the Elven Halls.
 19549 | Orc:2    | Reached skill level 13 in Fighting
 19603 | Orc:2    | Reached XP level 15. HP: 97/110 MP: 13/22
 20034 | Orc:2    | HP: 23/112 [orc knight/+2 great sword (24)]
 20164 | Orc:2    | Reached skill level 14 in Fighting
 20168 | Orc:2    | Found Mustyofu's Magic Scroll Boutique.
 20182 | Orc:2    | Bought a scroll of blinking for 90 gold pieces
 20182 | Orc:2    | Bought a scroll of enchant armour for 90 gold pieces
 20182 | Orc:2    | Bought a scroll of enchant armour for 90 gold pieces
 20182 | Orc:2    | Bought a scroll of blinking for 90 gold pieces
 20228 | Orc:2    | Reached skill level 2 in Dodging
 20375 | Orc:2    | Found Kaxzol's Antique Armour Shoppe.
 20376 | Orc:2    | Found Inuloirr's Antique Armour Emporium.
 20376 | Orc:2    | Found Ohosaet's Antique Armour Shoppe.
 20377 | Orc:2    | Found Vaptyc's Weapon Shoppe.
 20389 | Orc:2    | Bought a pair of gloves for 108 gold pieces
 20552 | D:10     | Bought a dazzling spear for 152 gold pieces
 20552 | D:10     | Identified the +3 spear of Conscience {speed, ^Fragile
                  | rElec Str+3 Int+8} (You bought it in a shop on level 10 of
                  | the Dungeon)
 20617 | D:12     | Reached skill level 1 in Polearms
 20622 | D:12     | Reached skill level 2 in Polearms
 20749 | D:12     | Found a runed translucent gate.
 20750 | D:12     | Found a runed translucent gate.
 20750 | D:12     | Noticed Sixotir's ghost (journeyman DsCj)
 20751 | D:12     | Found a runed translucent gate.
 20839 | D:12     | Reached skill level 3 in Polearms
 20970 | D:12     | Found Saasteur's General Store.
 21150 | D:12     | Found a bloodstained altar of Trog.
 21271 | D:12     | Reached skill level 4 in Polearms
 21401 | D:12     | Killed Sixotir's ghost
 21503 | D:13     | Reached skill level 5 in Polearms
 22009 | D:13     | Reached skill level 6 in Polearms
 22250 | D:13     | You add the spells Ignite Poison and Freezing Cloud to your
                  | library.
 22476 | D:13     | Reached skill level 7 in Polearms
 22722 | D:14     | Found a gate leading to a gauntlet.
 22724 | D:14     | Noticed Jorgrun
 22738 | D:14     | Killed Jorgrun
 22743 | Gauntlet | Entered a Gauntlet
 22743 | Gauntlet | Found a transporter.
 22743 | Gauntlet | Found a transporter.
 22744 | Gauntlet | Found a transporter.
 22744 | Gauntlet | Found a transporter.
 22747 | Gauntlet | Found a transporter.
 22747 | Gauntlet | Found a transporter.
 22757 | Gauntlet | Found a transporter.
 22761 | Gauntlet | Found a transporter.
 22763 | Gauntlet | Found a large runed translucent door.
 22764 | Gauntlet | Found a transporter.
 22764 | Gauntlet | Found a transporter.
 22764 | Gauntlet | Found a large runed translucent door.
 22765 | Gauntlet | Found a large runed translucent door.
 22765 | Gauntlet | Found a large runed translucent door.
 22765 | Gauntlet | Found a runed translucent door.
 22766 | Gauntlet | Found a large runed translucent door.
 22767 | Gauntlet | Found a large runed translucent door.
 22768 | Gauntlet | Found a large runed translucent door.
 22768 | Gauntlet | Found a large runed translucent door.
 22769 | Gauntlet | Found a runed translucent gate.
 22771 | Gauntlet | Found a transporter.
 22775 | Gauntlet | Found a runed translucent gate.
 22775 | Gauntlet | Found a transporter.
 22782 | Gauntlet | Found a runed translucent gate.
 22783 | Gauntlet | Found a large runed translucent door.
 22783 | Gauntlet | Found a large runed translucent door.
 22784 | Gauntlet | Found a large runed translucent door.
 22785 | Gauntlet | Found a large runed translucent door.
 22794 | Gauntlet | Found a large runed translucent door.
 22794 | Gauntlet | Found a large runed translucent door.
 22794 | Gauntlet | Found a runed translucent door.
 22795 | Gauntlet | Found a large runed translucent door.
 22796 | Gauntlet | Found a large runed translucent door.
 22808 | Gauntlet | Found the +2 hood of the Assassin {Detect Stab+ Stlth++}
 23098 | Gauntlet | Identified the ring of the Scavenger {*Slow rElec rF+ EV+5
                  | Int+5}
 23123 | Gauntlet | Reached skill level 8 in Polearms
 23132 | Gauntlet | You pick up a book of Air and begin reading...
 23228 | D:14     | Found a shimmering blue altar of Sif Muna.
 23292 | D:14     | Identified the +1 leather armour "Noaps" {rElec rPois rC-
                  | Str+5}
 23298 | D:14     | Found a gate to the Vaults.
 23328 | D:14     | Reached XP level 16. HP: 97/119 MP: 13/23
 23542 | D:14     | Found a radiant altar of Vehumet.
 23550 | D:14     | Reached skill level 9 in Polearms
 23558 | D:14     | Noticed Agnes
 23569 | D:14     | Killed Agnes
 23682 | D:14     | Reached skill level 10 in Polearms
 24350 | D:15     | Entered Level 15 of the Dungeon
 24443 | D:15     | Reached skill level 11 in Polearms
 24643 | D:15     | Found a staircase to the Depths.
 25193 | D:15     | You pick up a book of Debilitation and begin reading...
 25193 | D:15     | You add the spells Sigil of Binding, Vampiric Draining and
                  | Confusing Touch to your library.
 25367 | Lair:1   | magus.rc [v1.9.6]
 25427 | Spider:1 | Entered Level 1 of the Spider Nest
 25605 | Spider:1 | Reached skill level 12 in Polearms
 25721 | Spider:1 | Noticed Frances
 25732 | Spider:1 | Killed Frances
 25815 | Spider:1 | Reached skill level 6 in Spellcasting
 26234 | Spider:2 | Reached skill level 7 in Spellcasting
 26398 | Spider:2 | Reached XP level 17. HP: 113/125 MP: 28/28
 26543 | Spider:2 | Learned a level 2 spell: Wereblood
 26753 | Spider:2 | You pick up a book of Changes and begin reading...
 27020 | Spider:2 | Reached skill level 1 in Transmutations
 27232 | Spider:2 | Reached skill level 8 in Spellcasting
 27239 | Spider:2 | Reached skill level 2 in Transmutations
 27389 | Spider:3 | Reached skill level 3 in Transmutations
 27523 | Spider:3 | Reached skill level 4 in Transmutations
 27529 | Spider:3 | Learned a level 5 spell: Freezing Cloud
 27834 | Spider:3 | Reached skill level 3 in Dodging
 27979 | Spider:3 | Noticed Arachne
 27997 | Spider:3 | Killed Arachne
 28223 | Spider:3 | Identified the +2 scimitar of Plague {flame, Will+ Dex+3}
 28292 | Spider:4 | Entered Level 4 of the Spider Nest
 28335 | Spider:4 | Reached skill level 5 in Conjurations
 28335 | Spider:4 | Reached skill level 5 in Air Magic
 28338 | Spider:4 | Reached skill level 5 in Poison Magic
 28385 | Spider:4 | You pick up a book of Displacement and begin reading...
 28385 | Spider:4 | You add the spells Lesser Beckoning, Gell's Gravitas and
                  | Teleport Other to your library.
 28401 | Spider:4 | You add the spells Alistair's Intoxication, Borgnjor's Vile
                  | Clutch and Eringya's Noxious Bog to your library.
 28407 | Spider:4 | You pick up a book of Cantrips and begin reading...
 28407 | Spider:4 | You add the spells Necrotise, Summon Small Mammal and
                  | Apportation to your library.
 28454 | Spider:4 | Identified the +0 hat of Voawn {rC+ rCorr Dex+2}
 28473 | Spider:4 | You pick up a book of Burglary and begin reading...
 28594 | Spider:4 | Identified the +0 cloak of the Modern Continents {rN+ MP+9
                  | Slay+5}
 28806 | Spider:4 | Reached skill level 4 in Dodging
 29081 | Spider:4 | Reached skill level 6 in Conjurations
 29081 | Spider:4 | Reached skill level 6 in Air Magic
 29081 | Spider:4 | Reached skill level 6 in Poison Magic
 29126 | Spider:4 | HP: 28/125 [disintegration (25)]
 29313 | Spider:4 | Identified the +1 hat "Qacwesiy" {SInv}
 29324 | Spider:4 | Got a gossamer rune of Zot
 29327 | Spider:4 | Identified a potion of experience
 29328 | Spider:4 | Reached skill level 7 in Conjurations
 29328 | Spider:4 | Reached skill level 7 in Air Magic
 29328 | Spider:4 | Reached skill level 7 in Poison Magic
 29328 | Spider:4 | Reached XP level 18. HP: 131/131 MP: 30/30
 29328 | Spider:4 | Reached XP level 19. HP: 136/136 MP: 31/31
 29576 | Lair:3   | Killed hackum's ghost
 29587 | Lair:3   | magus.rc [v1.9.6]
 29732 | Shoals:1 | Reached XP level 20. HP: 106/143 MP: 32/32
 29760 | Shoals:1 | Found a transporter.
 29760 | Shoals:1 | Found a transporter.
 29782 | Shoals:1 | Reached skill level 8 in Conjurations
 29860 | Shoals:1 | Found a transporter.
 29861 | Shoals:1 | Found a transporter.
 29865 | Shoals:1 | Reached skill level 8 in Air Magic
 30024 | Shoals:1 | Reached skill level 7 in Ice Magic
 30055 | Shoals:1 | Found a transporter.
 30057 | Shoals:1 | Found a transporter.
 30429 | Shoals:2 | Found a runed translucent door.
 30494 | Shoals:2 | Noticed Mlioglotl
 30504 | Shoals:2 | Reached skill level 8 in Ice Magic
 30504 | Shoals:2 | Noticed a bone dragon
 30513 | Shoals:2 | Killed Mlioglotl
 30811 | Shoals:2 | Noticed Polyphemus
 30833 | Shoals:2 | Killed Polyphemus
 30834 | Shoals:2 | Found Waehuh's Overcharged Wands.
 30876 | Shoals:2 | Bought a wand of digging (11) for 693 gold pieces
 31126 | Shoals:2 | Reached skill level 9 in Spellcasting
 31313 | Shoals:2 | Noticed Fubbytz's ghost (journeyman SpEn)
 31337 | Shoals:2 | Killed Fubbytz's ghost
 31345 | Shoals:2 | Identified the +8 triple sword "Ohutsus" {protect, Str+6}
 31681 | Shoals:3 | Reached skill level 10 in Spellcasting
 32094 | Shoals:4 | Entered Level 4 of the Shoals
 32094 | Shoals:4 | Found a shimmering altar of Xom.
 32171 | Shoals:4 | Reached skill level 5 in Dodging
 32466 | Shoals:4 | Identified the ring "Ibua" {Will+ Str+7 Int+2 Dex-5}
 32650 | Shoals:4 | Reached skill level 6 in Dodging
 32720 | Shoals:4 | HP: 35/143 [frost giant/bolt of cold (33)]
 33095 | Shoals:4 | Reached skill level 7 in Dodging
 33235 | Shoals:4 | Got a barnacled rune of Zot
 33609 | Vaults:1 | Entered Level 1 of the Vaults
 33732 | Vaults:1 | Noticed Norris
 33762 | Vaults:1 | Killed Norris
 34506 | Vaults:1 | Found Pitirra's Magic Scroll Boutique.
 34514 | Vaults:1 | Bought a scroll of acquirement for 676 gold pieces
 34514 | Vaults:1 | Acquired 648 gold pieces
 34590 | Vaults:1 | Found a portal to a secret trove of treasure.
 34697 | Vaults:1 | Bought a scroll of teleportation for 39 gold pieces
 34747 | Vaults:1 | Found the sphere of Battle
 34767 | Vaults:1 | Reached skill level 15 in Fighting
 34811 | Vaults:1 | Reached XP level 21. HP: 151/151 MP: 35/35
 34821 | Vaults:1 | Identified the +4 trident of Patterns {elec, *Noise rElec
                  | rN+ Dex+4}
 35397 | Vaults:2 | Reached skill level 16 in Fighting
 35530 | Vaults:2 | Reached skill level 9 in Armour
 35758 | Vaults:2 | Reached skill level 10 in Armour
 35866 | Vaults:2 | Identified the +2 flail "Upuol" {freeze, rN+ Str+5}
 36473 | Vaults:3 | Reached skill level 11 in Armour
 36639 | Vaults:3 | Reached skill level 12 in Armour
 36880 | Vaults:3 | Reached skill level 8 in Dodging
 37057 | Vaults:3 | Found a staircase to the Crypt.
 37057 | Vaults:3 | Found a basalt altar of Yredelemnul.
 37058 | Vaults:3 | Found an ancient bone altar of Kikubaaqudgha.
 37338 | Vaults:3 | You pick up a book of Decay and begin reading...
 37338 | Vaults:3 | You add the spells Dispel Undead and Death Channel to your
                  | library.
 38052 | Vaults:4 | You pick up a book of Lightning and begin reading...
 38052 | Vaults:4 | You add the spells Vhi's Electric Charge and Arcjolt to
                  | your library.
 38112 | Vaults:4 | Reached skill level 17 in Shields
 38256 | Vaults:4 | Found Eleabuorr's Antique Weapon Shop.
 38271 | Vaults:4 | Reached XP level 22. HP: 124/162 MP: 24/36
 38278 | Vaults:4 | Reached skill level 17 in Fighting
 38413 | Vaults:4 | You pick up a book of Misfortune and begin reading...
 38413 | Vaults:4 | You add the spells Inner Flame and Yara's Violent
                  | Unravelling to your library.
 38509 | Vaults:4 | You pick up a book of Sloth and begin reading...
 38509 | Vaults:4 | You add the spells Petrify and Metabolic Englaciation to
                  | your library.
 38715 | Vaults:4 | You pick up a book of Blasting and begin reading...
 38715 | Vaults:4 | You add the spells Volatile Blastmotes, Fulminant Prism and
                  | Iskenderun's Mystic Blast to your library.
 39308 | Elf:1    | Entered Level 1 of the Elven Halls
 39381 | Elf:1    | Noticed Asterion
 39399 | Elf:1    | Killed Asterion
 39400 | Elf:1    | Reached skill level 18 in Shields
 39463 | Elf:1    | Found Jaosteez's Antique Weapon Emporium.
 39465 | Elf:1    | Found Sesygify's Jewellery Shoppe.
 40025 | Elf:1    | Acquired 1272 gold pieces
 40027 | Elf:1    | Acquired a book of Ice
 40028 | Elf:1    | You pick up a book of Ice and begin reading...
 40028 | Elf:1    | You add the spells Simulacrum, Ozocubu's Refrigeration and
                  | Polar Vortex to your library.
 40062 | Elf:1    | Identified the ring of the Freezing Enemy {Fly rPois EV+5}
 40068 | Elf:2    | Found a runed translucent gate.
 40068 | Elf:2    | Found a runed translucent gate.
 40068 | Elf:2    | Found a runed translucent gate.
 40152 | Elf:2    | Reached skill level 18 in Fighting
 40427 | Elf:2    | Found Qof Maer's Assorted Antiques.
 40431 | Elf:2    | Bought a potion of haste for 260 gold pieces
 40431 | Elf:2    | Bought a potion of ambrosia for 208 gold pieces
 40431 | Elf:2    | Bought a potion of brilliance for 104 gold pieces
 40431 | Elf:2    | Bought a scroll of amnesia for 104 gold pieces
 40441 | Elf:3    | Entered Level 3 of the Elven Halls
 40517 | Elf:3    | Reached skill level 9 in Ice Magic
 40560 | Elf:3    | Noticed night's ghost (adept DgCj)
 40562 | Elf:3    | Found a runed translucent gate.
 40563 | Elf:3    | Found a runed translucent gate.
 40563 | Elf:3    | Found a runed translucent gate.
 40667 | Elf:3    | Got the Elucidation of Doom
 40938 | Elf:3    | Killed night's ghost
 40969 | Elf:3    | Identified the +2 helmet "Ipraz" {rF+ Stlth+}
 41003 | Elf:3    | a deep elf annihilator comes into view. It is wielding the
                  | +8 lance "Wyrmbane" {slay drac, rPois rF+ rC+ AC+3}.
 41030 | Elf:3    | You add the spells Sting, Poisonous Vapours and Olgreb's
                  | Toxic Radiance to your library.
 41064 | Elf:3    | Reached skill level 10 in Ice Magic
 41231 | Elf:3    | Identified the +0 leather armour "Daliro" {rElec}
 41316 | Elf:3    | Identified the ring of Kaedgh {rElec Will+ Int+6}
 41369 | Elf:3    | Gained mutation: You are dopey. (Int -2) [a cacodemon]
 41550 | Elf:3    | Identified the staff "Imp's Funeral" {rC+ Conj Ice}
 41560 | Elf:3    | You pick up a book of Armaments and begin reading...
 41560 | Elf:3    | You add the spells Stone Arrow, Animate Armour and
                  | Lehudib's Crystal Spear to your library.
 41570 | Elf:3    | Identified the staff of Weur {rElec rPois Air}
 41577 | Elf:3    | Identified the +0 falchion of Offence {freeze, rCorr}
 41597 | Elf:3    | You pick up a book of Spectacle and begin reading...
 41597 | Elf:3    | You add the spells Dazzling Flash, Starburst and Maxwell's
                  | Capacitive Coupling to your library.
 42130 | Depths:1 | Entered Level 1 of the Depths
 42154 | Depths:1 | Identified the +3 falchion of Interdependent Arising
                  | {venom, rPois rF- Str+3}
 42241 | Depths:1 | Reached skill level 19 in Shields
 42254 | Depths:1 | Found Upsiroin's Armour Shoppe.
 42255 | Depths:1 | Found Mihafec's Antique Weapon Shoppe.
 42317 | Depths:1 | You pick up a book of the Hunter and begin reading...
 42317 | Depths:1 | You add the spells Call Canine Familiar, Dimensional
                  | Bullseye and Leda's Liquefaction to your library.
 42396 | Depths:1 | Noticed a caustic shrike
 42425 | Depths:1 | Killed a caustic shrike
 42434 | Depths:1 | Aim: a tengu warrior, wielding a +3 great sword and wearing
                  | a +0 leather armour (moderately wounded, about 29% to evade
                  | the +8 lance "Wyrmbane")
 42434 | Depths:1 | Aim: a tengu warrior, wielding a +3 great sword and wearing
                  | a +0 leather armour (moderately wounded, about 29% to evade
                  | the +8 lance "Wyrmbane")
 42435 | Depths:1 | Aim: a tengu warrior, wielding a +3 great sword and wearing
                  | a +0 leather armour (almost dead, about 29% to evade the +8
                  | lance "Wyrmbane")
 42435 | Depths:1 | Aim: a tengu warrior, wielding a +3 great sword and wearing
                  | a +0 leather armour (almost dead, about 29% to evade the +8
                  | lance "Wyrmbane")
 42487 | Depths:1 | You pick up a book of Weapons and begin reading...
 42669 | Depths:1 | Found a gateway to Hell.
 42669 | Depths:1 | Noticed Margery
 42685 | Depths:1 | Reached XP level 23. HP: 136/172 MP: 27/37
 42692 | Depths:1 | Aim: Margery, wielding a +3 broad axe and wearing +0 shadow
                  | dragon scales (flame, lightly wounded, inner flame, about
                  | 15% to evade the +8 lance "Wyrmbane")
 42692 | Depths:1 | Aim: Margery, wielding a +3 broad axe and wearing +0 shadow
                  | dragon scales (flame, lightly wounded, inner flame, about
                  | 15% to evade the +8 lance "Wyrmbane")
 42693 | Depths:1 | Aim: Margery, wielding a +3 broad axe and wearing +0 shadow
                  | dragon scales (flame, lightly wounded, inner flame, about
                  | 15% to evade the +8 lance "Wyrmbane")
 42693 | Depths:1 | Aim: Margery, wielding a +3 broad axe and wearing +0 shadow
                  | dragon scales (flame, lightly wounded, inner flame, about
                  | 15% to evade the +8 lance "Wyrmbane")
 42694 | Depths:1 | Aim: Margery, wielding a +3 broad axe and wearing +0 shadow
                  | dragon scales (flame, lightly wounded, inner flame, about
                  | 15% to evade the +8 lance "Wyrmbane")
 42694 | Depths:1 | Aim: Margery, wielding a +3 broad axe and wearing +0 shadow
                  | dragon scales (flame, lightly wounded, inner flame, about
                  | 15% to evade the +8 lance "Wyrmbane")
 42695 | Depths:1 | Aim: Margery, wielding a +3 broad axe and wearing +0 shadow
                  | dragon scales (flame, moderately wounded, inner flame,
                  | about 15% to evade the +8 lance "Wyrmbane")
 42695 | Depths:1 | Aim: Margery, wielding a +3 broad axe and wearing +0 shadow
                  | dragon scales (flame, moderately wounded, inner flame,
                  | about 15% to evade the +8 lance "Wyrmbane")
 42696 | Depths:1 | Aim: Margery, wielding a +3 broad axe and wearing +0 shadow
                  | dragon scales (flame, heavily wounded, inner flame, about
                  | 15% to evade the +8 lance "Wyrmbane")
 42696 | Depths:1 | Aim: Margery, wielding a +3 broad axe and wearing +0 shadow
                  | dragon scales (flame, heavily wounded, inner flame, about
                  | 15% to evade the +8 lance "Wyrmbane")
 42698 | Depths:1 | Aim: Margery, wielding a +3 broad axe and wearing +0 shadow
                  | dragon scales (flame, severely wounded, inner flame, about
                  | 15% to evade the +8 lance "Wyrmbane")
 42698 | Depths:1 | Aim: Margery, wielding a +3 broad axe and wearing +0 shadow
                  | dragon scales (flame, severely wounded, inner flame, about
                  | 15% to evade the +8 lance "Wyrmbane")
 42699 | Depths:1 | Aim: Margery, wielding a +3 broad axe and wearing +0 shadow
                  | dragon scales (flame, severely wounded, inner flame, about
                  | 15% to evade the +8 lance "Wyrmbane")
 42699 | Depths:1 | Aim: Margery, wielding a +3 broad axe and wearing +0 shadow
                  | dragon scales (flame, severely wounded, inner flame, about
                  | 15% to evade the +8 lance "Wyrmbane")
 42700 | Depths:1 | Aim: Margery, wielding a +3 broad axe and wearing +0 shadow
                  | dragon scales (flame, severely wounded, inner flame, about
                  | 15% to evade the +8 lance "Wyrmbane")
 42700 | Depths:1 | Aim: Margery, wielding a +3 broad axe and wearing +0 shadow
                  | dragon scales (flame, severely wounded, inner flame, about
                  | 15% to evade the +8 lance "Wyrmbane")
 42701 | Depths:1 | Aim: Margery, wielding a +3 broad axe and wearing +0 shadow
                  | dragon scales (flame, almost dead, inner flame, about 15%
                  | to evade the +8 lance "Wyrmbane")
 42701 | Depths:1 | Aim: Margery, wielding a +3 broad axe and wearing +0 shadow
                  | dragon scales (flame, almost dead, inner flame, about 15%
                  | to evade the +8 lance "Wyrmbane")
 42701 | Depths:1 | Killed Margery
 42704 | Depths:1 | Aim: a hell knight, wielding a +5 heavy broad axe and
                  | wearing a +0 plate armour (flame, fast, about 14% to evade
                  | the +8 lance "Wyrmbane")
 42704 | Depths:1 | Aim: a hell knight, wielding a +5 heavy broad axe and
                  | wearing a +0 plate armour (flame, fast, about 14% to evade
                  | the +8 lance "Wyrmbane")
 42705 | Depths:1 | Aim: a hell knight, wielding a +5 heavy broad axe and
                  | wearing a +0 plate armour (flame, fast, about 14% to evade
                  | the +8 lance "Wyrmbane")
 42705 | Depths:1 | Aim: a hell knight, wielding a +5 heavy broad axe and
                  | wearing a +0 plate armour (flame, fast, about 14% to evade
                  | the +8 lance "Wyrmbane")
 42706 | Depths:1 | Aim: a hell knight, wielding a +5 heavy broad axe and
                  | wearing a +0 plate armour (heavily wounded, fast, about 14%
                  | to evade the +8 lance "Wyrmbane")
 42706 | Depths:1 | Aim: a hell knight, wielding a +5 heavy broad axe and
                  | wearing a +0 plate armour (heavily wounded, fast, about 14%
                  | to evade the +8 lance "Wyrmbane")
 42707 | Depths:1 | Aim: a hell knight, wielding a +5 heavy broad axe and
                  | wearing a +0 plate armour (almost dead, fast, about 14% to
                  | evade the +8 lance "Wyrmbane")
 42707 | Depths:1 | Aim: a hell knight, wielding a +5 heavy broad axe and
                  | wearing a +0 plate armour (almost dead, fast, about 14% to
                  | evade the +8 lance "Wyrmbane")
 42708 | Depths:1 | Aim: a hell knight, wielding a +5 heavy broad axe and
                  | wearing a +0 plate armour (almost dead, fast, soul bound,
                  | about 14% to evade the +8 lance "Wyrmbane")
 42708 | Depths:1 | Aim: a hell knight, wielding a +5 heavy broad axe and
                  | wearing a +0 plate armour (almost dead, fast, soul bound,
                  | about 14% to evade the +8 lance "Wyrmbane")
 42709 | Depths:1 | Aim: a hell knight, wielding a +2 long sword and wearing a
                  | +0 chain mail (flame, fast, inner flame, soul bound, about
                  | 15% to evade the +8 lance "Wyrmbane")
 42709 | Depths:1 | Aim: a hell knight, wielding a +2 long sword and wearing a
                  | +0 chain mail (flame, fast, inner flame, soul bound, about
                  | 15% to evade the +8 lance "Wyrmbane")
 42710 | Depths:1 | Aim: a hell knight, wielding a +2 long sword and wearing a
                  | +0 chain mail (flame, severely wounded, fast, inner flame,
                  | soul bound, about 15% to evade the +8 lance "Wyrmbane")
 42710 | Depths:1 | Aim: a hell knight, wielding a +2 long sword and wearing a
                  | +0 chain mail (flame, severely wounded, fast, inner flame,
                  | soul bound, about 15% to evade the +8 lance "Wyrmbane")
 42711 | Depths:1 | Aim: a hell knight, wielding a +2 long sword and wearing a
                  | +0 chain mail (flame, almost dead, fast, inner flame, soul
                  | bound, about 15% to evade the +8 lance "Wyrmbane")
 42711 | Depths:1 | Aim: a hell knight, wielding a +2 long sword and wearing a
                  | +0 chain mail (flame, almost dead, fast, inner flame, soul
                  | bound, about 15% to evade the +8 lance "Wyrmbane")
 42712 | Depths:1 | Aim: a hell knight, wielding a +0 heavy battleaxe and
                  | wearing a +0 chain mail (flame, soul bound, about 15% to
                  | evade the +8 lance "Wyrmbane")
 42712 | Depths:1 | Aim: a hell knight, wielding a +0 heavy battleaxe and
                  | wearing a +0 chain mail (flame, soul bound, about 15% to
                  | evade the +8 lance "Wyrmbane")
 42713 | Depths:1 | Aim: a hell knight, wielding a +0 heavy battleaxe and
                  | wearing a +0 chain mail (flame, moderately wounded, soul
                  | bound, about 15% to evade the +8 lance "Wyrmbane")
 42713 | Depths:1 | Aim: a hell knight, wielding a +0 heavy battleaxe and
                  | wearing a +0 chain mail (flame, moderately wounded, soul
                  | bound, about 15% to evade the +8 lance "Wyrmbane")
 42714 | Depths:1 | Aim: a hell knight, wielding a +0 heavy battleaxe and
                  | wearing a +0 chain mail (flame, moderately wounded, soul
                  | bound, about 15% to evade the +8 lance "Wyrmbane")
 42714 | Depths:1 | Aim: a hell knight, wielding a +0 heavy battleaxe and
                  | wearing a +0 chain mail (flame, moderately wounded, soul
                  | bound, about 15% to evade the +8 lance "Wyrmbane")
 42715 | Depths:1 | Aim: a hell knight, wielding a +0 heavy battleaxe and
                  | wearing a +0 chain mail (flame, moderately wounded, soul
                  | bound, about 15% to evade the +8 lance "Wyrmbane")
 42715 | Depths:1 | Aim: a hell knight, wielding a +0 heavy battleaxe and
                  | wearing a +0 chain mail (flame, moderately wounded, soul
                  | bound, about 15% to evade the +8 lance "Wyrmbane")
 42716 | Depths:1 | Aim: a hell knight, wielding a +0 heavy battleaxe and
                  | wearing a +0 chain mail (flame, severely wounded, soul
                  | bound, about 15% to evade the +8 lance "Wyrmbane")
 42716 | Depths:1 | Aim: a hell knight, wielding a +0 heavy battleaxe and
                  | wearing a +0 chain mail (flame, severely wounded, soul
                  | bound, about 15% to evade the +8 lance "Wyrmbane")
 42718 | Depths:1 | Aim: a hell knight, wielding a +2 great mace and wearing a
                  | +0 chain mail (flame, heavily wounded, fast, about 15% to
                  | evade the +8 lance "Wyrmbane")
 42718 | Depths:1 | Aim: a hell knight, wielding a +2 great mace and wearing a
                  | +0 chain mail (flame, heavily wounded, fast, about 15% to
                  | evade the +8 lance "Wyrmbane")
 42719 | Depths:1 | Aim: a hell knight, wielding a +2 great mace and wearing a
                  | +0 chain mail (flame, almost dead, fast, about 15% to evade
                  | the +8 lance "Wyrmbane")
 42719 | Depths:1 | Aim: a hell knight, wielding a +2 great mace and wearing a
                  | +0 chain mail (flame, almost dead, fast, about 15% to evade
                  | the +8 lance "Wyrmbane")
 42721 | Depths:1 | Aim: a hell knight, wielding a +5 halberd and wearing a +0
                  | plate armour (fast, soul bound, about 13% to evade the +8
                  | lance "Wyrmbane")
 42721 | Depths:1 | Aim: a hell knight, wielding a +5 halberd and wearing a +0
                  | plate armour (fast, soul bound, about 13% to evade the +8
                  | lance "Wyrmbane")
 42722 | Depths:1 | Aim: a hell knight, wielding a +5 halberd and wearing a +0
                  | plate armour (moderately wounded, fast, soul bound, about
                  | 13% to evade the +8 lance "Wyrmbane")
 42722 | Depths:1 | Aim: a hell knight, wielding a +5 halberd and wearing a +0
                  | plate armour (moderately wounded, fast, soul bound, about
                  | 13% to evade the +8 lance "Wyrmbane")
 42723 | Depths:1 | Aim: a hell knight, wielding a +5 halberd and wearing a +0
                  | plate armour (almost dead, fast, soul bound, about 15% to
                  | evade the +8 lance "Wyrmbane")
 42723 | Depths:1 | Aim: a hell knight, wielding a +5 halberd and wearing a +0
                  | plate armour (almost dead, fast, soul bound, about 15% to
                  | evade the +8 lance "Wyrmbane")
 42725 | Depths:1 | Aim: a necromancer, wielding a +1 dagger of electrocution
                  | and wearing a +0 robe (about 25% to evade the +8 lance
                  | "Wyrmbane")
 42725 | Depths:1 | Aim: a necromancer, wielding a +1 dagger of electrocution
                  | and wearing a +0 robe (about 25% to evade the +8 lance
                  | "Wyrmbane")
 42726 | Depths:1 | Aim: a necromancer, wielding a +1 dagger of electrocution
                  | and wearing a +0 robe (about 25% to evade the +8 lance
                  | "Wyrmbane")
 42726 | Depths:1 | Aim: a necromancer, wielding a +1 dagger of electrocution
                  | and wearing a +0 robe (about 25% to evade the +8 lance
                  | "Wyrmbane")
 42727 | Depths:1 | Aim: a necromancer, wielding a +1 dagger of electrocution
                  | and wearing a +0 robe (flame, about 25% to evade the +8
                  | lance "Wyrmbane")
 42727 | Depths:1 | Aim: a necromancer, wielding a +1 dagger of electrocution
                  | and wearing a +0 robe (flame, about 25% to evade the +8
                  | lance "Wyrmbane")
 42795 | Depths:1 | a +3 broad axe {axe}; +0 shadow dragon scales {rare}
 42982 | Depths:1 | Found Ankask's Magic Scroll Shop.
 43005 | Depths:1 | Found a one-way gate to the infinite horrors of the Abyss.
 43139 | Depths:1 | Found Awkefu's Jewellery Shoppe.
 43151 | Depths:1 | Found a one-way gateway to a ziggurat.
 43419 | Depths:2 | Reached skill level 19 in Fighting
 43428 | Depths:2 | Got the Spellbook of the Brilliant Sphinx
 43530 | Depths:2 | Identified the +8 dire flail of Keakh {venom, Will+ Dex+3
                  | Stlth+}
 43784 | Depths:2 | Reached skill level 20 in Shields
 43909 | Depths:2 | You pick up a book of Burglary and begin reading...
 44289 | Depths:2 | Found a one-way gate leading to the halls of Pandemonium.
 44555 | Depths:2 | You pick up a book of the Tundra and begin reading...
 44595 | Depths:2 | Acquired 1121 gold pieces
 44951 | Depths:3 | Reached skill level 20 in Fighting
 44996 | Depths:3 | Reached skill level 3 in Stealth
 45057 | Depths:3 | Noticed Saint Roka
 45061 | Depths:3 | Noticed Boris
 45064 | Depths:3 | Reached skill level 4 in Stealth
 45072 | Depths:3 | Killed Boris
 45078 | Depths:3 | Reached skill level 5 in Stealth
 45079 | Depths:3 | Killed Saint Roka
 45250 | Depths:3 | Reached skill level 6 in Stealth
 45361 | Depths:3 | Reached skill level 7 in Stealth
 45469 | Depths:3 | Found a runed translucent door.
 45472 | Depths:3 | Found a runed translucent door.
 45559 | Depths:3 | Identified the +3 leather armour of Xahiott {rPois rCorr
                  | Int-4 SInv}
 45599 | Depths:3 | Reached skill level 8 in Stealth
 45727 | Depths:3 | Identified +0 gold dragon scales
 45729 | Depths:3 | +0 gold dragon scales {rare}; a golden dragon corpse
 45739 | Depths:3 | You pick up a book of Vapours and begin reading...
 46035 | Depths:3 | Reached skill level 9 in Stealth
 46094 | Depths:3 | +0 shadow dragon scales {rare}; a shadow dragon corpse
 46114 | Depths:3 | Reached skill level 10 in Stealth
 46128 | Depths:3 | Identified the +9 great sword of Zin's Fury {venom, rPois
                  | Dex+2}
 46129 | Depths:3 | Identified +0 gold dragon scales
 46131 | Depths:3 | +0 gold dragon scales {rare}; a golden dragon corpse
 46163 | Depths:3 | Identified the +2 leather armour of Xebiphep {Int+3}
 46168 | Depths:3 | You pick up a book of Hexes and begin reading...
 46168 | Depths:3 | You pick up a book of Burglary and begin reading...
 46191 | Depths:3 | +0 gold dragon scales {rare}; a golden dragon corpse
 46202 | Depths:3 | +0 shadow dragon scales {rare}; a shadow dragon corpse
 46293 | Depths:4 | Entered Level 4 of the Depths
 46341 | Depths:4 | Reached skill level 11 in Stealth
 46357 | Depths:4 | Found Big Baal Hell's Store.
 46391 | Depths:4 | Identified +0 gold dragon scales
 46429 | Depths:4 | Found a gate to the Realm of Zot.
 46447 | Depths:4 | Reached skill level 12 in Stealth
 46478 | Depths:4 | Reached XP level 24. HP: 151/183 MP: 37/37
 46482 | Depths:4 | Identified +8 gold dragon scales
 46482 | Depths:4 | Noticed Parghit
 46537 | Depths:4 | Killed Parghit
 46539 | Depths:4 | 4 large rocks {=fthrowing}; +8 gold dragon scales {rare};
                  | the troll corpse of Parghit
 46750 | Depths:4 | Reached skill level 13 in Stealth
 46926 | Depths:4 | Reached skill level 14 in Stealth
 47013 | Depths:4 | Identified the ring "Eheseutt" {Ice rPois Str+10 Dex+3
                  | Stlth-}
 47013 | Depths:4 | Identified the death talisman of Resourcefulness {rF+
                  | Dex+4}
 47013 | Depths:4 | Noticed Josephina
 47025 | Depths:4 | Killed Josephina
 47271 | Depths:4 | +0 gold dragon scales {rare}; a +0 long sword {long}
 47683 | Depths:4 | Learned a level 6 spell: Simulacrum
 47716 | Depths:4 | Reached skill level 13 in Polearms
 47795 | Depths:4 | +0 gold dragon scales {rare}; a +0 long sword {long}
 48310 | Vaults:1 | You paid a toll of 15 scrolls of teleportation to enter a
                  | treasure trove
 48311 | Trove    | Entered a treasure trove
 48315 | Trove    | Found the +2 shield of Resistance {rF++ rC++ Will++}
 48315 | Trove    | Found the +3 Mad Mage's Maulers {Infuse+∞ VampMP -Cast}
 48320 | Trove    | Identified the +0 barding of Faedeq {rPois}
 48322 | Trove    | Identified the +1 barding of the Ditch-Digger {rElec rF-
                  | Will- Str+8}
 48326 | Trove    | Identified the +0 hat "Hatreggu" {^Contam rPois Stlth+}
 48331 | Trove    | Identified the +9 plate armour of Vylanadgh {-Cast rPois
                  | rC+++ rN+}
 48352 | Trove    | Identified the +4 plate armour "Biuts" {Harm MP+9 Str+4}
 48355 | Trove    | Identified the +0 pair of gloves of Inaction {rC+ Str+3}
 48369 | Trove    | Identified the +3 barding of Impressiveness {rElec rF++ rC-
                  | Slay+2}
 48381 | Trove    | Identified the +0 plate armour "Otwite" {rC+++ rN+++ Str-2
                  | Int-3}
 48594 | Vaults:5 | Entered Level 5 of the Vaults
 48654 | Vaults:5 | Identified +0 gold dragon scales
 48669 | Vaults:5 | Noticed a dread lich
 48704 | Vaults:5 | Killed a dread lich
 48705 | Vaults:5 | Reached skill level 14 in Polearms
 48721 | Vaults:5 | Noticed a dread lich
 48728 | Vaults:5 | Identified the amulet of Bomy {Acrobat Stlth+}
 48742 | Vaults:5 | Paralysed by a dread lich for 3 turns
 48743 | Vaults:5 | HP: 26/179 [vault guard/+0 broad axe (21)]
 48806 | Vaults:5 | Reached skill level 7 in Necromancy
 48819 | Vaults:5 | Aim: a frost giant, wielding a +3 battleaxe of freezing
                  | (heavily wounded, spells empowered, about 7% to evade the
                  | +18 lance "Wyrmbane")
 48819 | Vaults:5 | Aim: a frost giant, wielding a +3 battleaxe of freezing
                  | (heavily wounded, spells empowered, about 7% to evade the
                  | +18 lance "Wyrmbane")
 48835 | Vaults:5 | Aim: a deep elf sorcerer, wielding a +0 rapier (fast, ally
                  | target, about 19% to evade the +18 lance "Wyrmbane")
 48835 | Vaults:5 | Aim: a deep elf sorcerer, wielding a +0 rapier (fast, ally
                  | target, about 19% to evade the +18 lance "Wyrmbane")
 48836 | Vaults:5 | Aim: a deep elf sorcerer, wielding a +0 rapier (fast, ally
                  | target, about 19% to evade the +18 lance "Wyrmbane")
 48836 | Vaults:5 | Aim: a deep elf sorcerer, wielding a +0 rapier (fast, ally
                  | target, about 19% to evade the +18 lance "Wyrmbane")
 48837 | Vaults:5 | Aim: a deep elf sorcerer, wielding a +0 rapier (moderately
                  | wounded, fast, ally target, about 19% to evade the +18
                  | lance "Wyrmbane")
 48837 | Vaults:5 | Aim: a deep elf sorcerer, wielding a +0 rapier (moderately
                  | wounded, fast, ally target, about 19% to evade the +18
                  | lance "Wyrmbane")
 48838 | Vaults:5 | Aim: a deep elf sorcerer, wielding a +0 rapier (moderately
                  | wounded, fast, ally target, about 19% to evade the +18
                  | lance "Wyrmbane")
 48838 | Vaults:5 | Aim: a deep elf sorcerer, wielding a +0 rapier (moderately
                  | wounded, fast, ally target, about 19% to evade the +18
                  | lance "Wyrmbane")
 48839 | Vaults:5 | Aim: a deep elf sorcerer, wielding a +0 rapier (moderately
                  | wounded, fast, ally target, about 19% to evade the +18
                  | lance "Wyrmbane")
 48839 | Vaults:5 | Aim: a deep elf sorcerer, wielding a +0 rapier (moderately
                  | wounded, fast, ally target, about 19% to evade the +18
                  | lance "Wyrmbane")
 48840 | Vaults:5 | Aim: a deep elf sorcerer, wielding a +0 rapier (almost
                  | dead, fast, not watching you, ally target, about 19% to
                  | evade the +18 lance "Wyrmbane")
 48840 | Vaults:5 | Aim: a deep elf sorcerer, wielding a +0 rapier (almost
                  | dead, fast, not watching you, ally target, about 19% to
                  | evade the +18 lance "Wyrmbane")
 48843 | Vaults:5 | Reached skill level 11 in Ice Magic
 48861 | Vaults:5 | HP: 36/183 [balrug/divine providence[a dread lich] (12)]
 48861 | Vaults:5 | HP: 17/183 [???[a dread lich] (15)]
 48977 | Vaults:5 | Noticed a dread lich
 48991 | Vaults:5 | Killed a dread lich
 48992 | Vaults:5 | Reached skill level 8 in Necromancy
 49096 | Vaults:5 | Reached XP level 25. HP: 189/189 MP: 34/37
 49161 | Vaults:5 | Killed a dread lich
 49162 | Vaults:5 | Reached skill level 12 in Ice Magic
 49183 | Vaults:5 | Reached skill level 9 in Necromancy
 49268 | Vaults:5 | Got the Quarto of the Impact
 49300 | Vaults:5 | Identified the +2 shortbow "Jellyslayer" {heavy, Stlth+}
 49351 | Vaults:5 | You pick up a book of the Wilderness and begin reading...
 49351 | Vaults:5 | You add the spells Summon Forest, Summon Mana Viper and
                  | Summon Cactus Giant to your library.
 49402 | Vaults:5 | You pick up a book of Party Tricks and begin reading...
 49566 | Vaults:5 | a +0 battleaxe {axe}; a +0 plate armour of poison
                  | resistance; +0 storm dragon scales {rare}
 49634 | Vaults:5 | Reached skill level 10 in Necromancy
 49874 | Vaults:5 | You pick up a book of Dreams and begin reading...
 49914 | Vaults:5 | Identified the +1 hand axe of Conversion {heavy, Int+3}
 49931 | Vaults:5 | Got a silver rune of Zot
 50008 | Vaults:5 | You pick up a book of Fire and begin reading...
 50510 | Depths:4 | +0 gold dragon scales {rare}; a +0 long sword {long}
 50519 | Zot:1    | Entered Level 1 of the Realm of Zot
 50647 | Zot:1    | Noticed an orb of fire
 50659 | Zot:1    | Killed an orb of fire
 50813 | Zot:4    | Noticed a juggernaut
 50831 | Zot:3    | Reached skill level 11 in Necromancy
 50873 | Zot:4    | Noticed a curse toe
 51082 | Zot:4    | Killed a curse toe
 51094 | Zot:5    | Entered Level 5 of the Realm of Zot
 51132 | Zot:5    | Reached skill level 12 in Necromancy
 51597 | Zot:5    | Noticed a Killer Klown
 51597 | Zot:5    | Noticed a Killer Klown
 51597 | Zot:5    | Noticed an orb of fire
 51597 | Zot:5    | Noticed an electric golem
 51598 | Zot:5    | Noticed an orb of fire
 51610 | Zot:5    | Noticed a Killer Klown
 51611 | Zot:5    | Got the Orb of Zot
 51612 | Zot:5    | Noticed a dread lich
 51612 | Zot:5    | Noticed an electric golem
 51613 | Zot:5    | Noticed an orb of fire
 51613 | Zot:5    | Noticed an ancient lich
 51616 | Zot:5    | Noticed an ancient lich
 51638 | Zot:5    | Paralysed by a Zot trap for 2 turns
 51790 | Depths:4 | +0 gold dragon scales {rare}; a +0 long sword {long}
 51805 | Depths:4 | +8 gold dragon scales {rare}; 4 large rocks {=fthrowing}
 51824 | Depths:3 | Noticed a seraph
 51837 | Depths:3 | Killed a seraph
 51988 | Depths:1 | Noticed a seraph
 52094 | D:14     | Noticed Boris
 52111 | D:12     | Noticed Hullist the pandemonium lord
 52111 | D:12     | Noticed an ancient lich
 52116 | D:12     | HP: 35/191 [??? (32)]
 52127 | D:11     | Noticed Peb Cugiycko the pandemonium lord
 52210 | D:10     | Reached skill level 21 in Fighting
 52304 | D:4      | Killed Menkaure
 52371 | D:$      | Escaped with the Orb!

Vanquished Creatures
  A seraph (Depths:3)
  3 dread liches (Vaults:5)
  An orb of fire (Zot:1)
  Josephina (Depths:4)
  Margery (Depths:1)
  A caustic shrike (Depths:1)
  A curse toe (Zot:4)
  Norris (Vaults:1)
  A profane servitor (D:7)
  7 golden dragons
  Arachne (Spider:3)
  Jorgrun (D:14)
  5 tentacled monstrosities
  The ghost of night the Warrior, an adept DgCj (Elf:3)
  9 Orb Guardians
  Mlioglotl (Shoals:2)
  5 titans
  A walking earthen tome (Depths:3)
  A deep elf master archer (Elf:3)
  2 deep elf blademasters (Elf:3)
  3 death cobs
  An ancient champion (Depths:4)
  Frances (Spider:1)
  7 sphinxes
  Agnes (D:14)
  6 tengu reavers
  4 shadow dragons
  2 storm dragons (Vaults:5)
  A draconian monk (Zot:5)
  A draconian knight (Depths:4)
  5 protean progenitors
  6 frost giants
  2 iron dragons
  An emperor scorpion (Spider:4)
  5 fire giants
  13 vault wardens
  5 draconian scorchers
  4 deep elf sorcerers
  3 deep elf elementalists (Elf:3)
  5 ghost moths
  A draconian annihilator (Zot:5)
  20 ironbound preservers
  A spriggan defender (Depths:2)
  A war gargoyle (Vaults:2)
  An angel (Depths:1)
  2 broodmothers
  18 very ugly things
  4 vampire knights
  5 ironbound thunderhulks
  2 black draconians
  A green draconian (Zot:1)
  The ghost of Fubbytz the Imperceptible, a journeyman SpEn of Dithmenos (Shoals:2)
  5 yellow draconians
  17 stone giants
  4 deep elf demonologists
  2 deep elf annihilators
  The ghost of hackum the Fighter, a journeyman DrSh of Gozag (Lair:3)
  2 white draconians
  8 red draconians
  3 spark wasps
  A bunyip (Zot:5)
  2 crystal guardians (Vaults:4)
  A green death (Depths:3)
  6 ettins
  3 deep elf death magi (Elf:3)
  An entropy weaver (Spider:3)
  9 fire dragons
  7 merfolk impalers
  3 rakshasas
  A quicksilver dragon zombie (Vaults:5)
  2 deep elf high priests (Vaults:5)
  8 yaktaur captains
  24 vault guards
  5 great orbs of eyes
  A catoblepas (Lair:5)
  A caustic shrike simulacrum (Depths:4)
  A peacekeeper (Vaults:3)
  A radroach (Spider:4)
  5 spriggan air magi
  5 ice dragons
  4 merfolk avatars
  2 ogre magi (Vaults:5)
  A hell beast (Depths:3)
  13 hydras
  16 ironbound frosthearts
  4 boulder beetles
  17 death yaks
  3 centaur warriors (D:14)
  2 merfolk aquamancers
  An alligator (Zot:1)
  18 dancing weapons
  5 two-headed ogres
  5 deep troll shamans
  An anaconda (shapeshifter) (Vaults:3)
  8 deep troll earth magi
  4 orc high priests
  5 spriggan berserkers
  A vampire mage (Depths:4)
  3 deep elf knights
  A sun demon (Depths:4)
  An occultist (Depths:2)
  A shock serpent (shapeshifter) (Vaults:5)
  8 demonic crawlers
  8 hell knights
  6 tengu warriors
  Nergalle (Lair:1)
  Sonja (Lair:4)
  2 iron trolls (Depths:1)
  A sixfirhy (Depths:3)
  A soul eater (Depths:2)
  2 cherubim (Depths:3)
  2 skeletal warriors (D:12)
  A fire crab (Gauntlet)
  6 pharaoh ants
  A sea snake (shapeshifter) (Vaults:5)
  8 skysharks
  8 sea snakes
  A sun moth (Spider:4)
  A glowing orange brain (shapeshifter) (Depths:3)
  2 flayed ghosts
  A deep troll (shapeshifter) (Depths:1)
  42 deep trolls
  4 orb spiders
  7 arcanists
  6 deep elf archers
  4 steelbarb worms
  A spriggan simulacrum (Depths:4)
  9 ironbound convokers
  4 phantasmal warriors
  16 harpies
  4 necromancers
  10 deep elf pyromancers
  18 wolf spiders
  7 orc knights
  A salamander (Volcano)
  4 fauns (Shoals:3)
  2 oklob plants
  11 deep elf zephyrmancers
  A shining eye (shapeshifter) (Elf:2)
  2 orc sorcerers
  31 ugly things
  19 elephants
  9 cyclopes
  12 manticores
  6 moths of wrath
  2 black mambas (shapeshifter) (D:14)
  2 kobold blastminers (Orc:1)
  A water nymph (shapeshifter) (D:10)
  31 slime creatures
  A guardian serpent (shapeshifter) (Vaults:5)
  4 black mambas
  12 vault sentinels
  3 merfolk sirens
  2 torpor snails
  10 water nymphs
  2 smoke demons
  A titan simulacrum (Depths:4)
  5 cane toads
  A cane toad (shapeshifter) (D:13)
  3 efreet
  A rime drake (Lair:5)
  8 komodo dragons
  26 yaktaurs
  2 tormentors (Depths:4)
  2 tengu conjurers
  A human skeleton (Vaults:4)
  3 freezing wraiths
  3 wind drakes
  A redback zombie (Spider:4)
  A merfolk (shapeshifter) (Depths:3)
  A polar bear (D:15)
  A golden dragon simulacrum (Depths:4)
  6 trolls
  A troll (shapeshifter) (D:13)
  2 human zombies (Vaults:5)
  5 hornets
  15 merfolk
  4 meliai
  A meliai (shapeshifter) (D:14)
  5 tyrant leeches
  A shadow dragon simulacrum (Depths:4)
  6 snapping turtles
  9 tarantellas
  10 blink frogs
  3 dream sheep (Shoals:2)
  3 boulder beetle zombies (Spider:4)
  2 centaur simulacra (D:15)
  16 jumping spiders
  20 culicivoras
  An air elemental (Elf:1)
  3 spriggans
  3 shadows (Gauntlet)
  35 yaks
  12 water elementals
  4 humans (D:6)
  3 wyverns
  A tyrant leech zombie (Spider:4)
  2 fire elementals
  5 fire bats
  7 vampire mosquitoes
  4 steam dragons
  A basilisk (Lair:2)
  4 wargs
  40 redbacks
  Edmund (D:5)
  2 acid dragons
  3 hell hounds (Depths:4)
  7 water moccasins
  7 hydra simulacra (D:13)
  34 orc warriors
  4 black bears
  A sky beast (D:7)
  7 ogres
  12 wolves
  4 centaurs
  5 kobold brigands
  2 earth elementals
  5 bullfrogs
  4 scorpions
  A gnoll sergeant (D:13)
  3 wights
  A hornet simulacrum (D:15)
  3 battlemagi
  2 elephant simulacra (D:13)
  5 killer bees
  2 electric eels
  3 howler monkeys
  A lava snake (D:7)
  33 orc priests
  3 jellies
  2 sleepcaps
  A hound (shapeshifter) (Elf:3)
  A hound (D:3)
  2 iguanas
  15 orc wizards
  4 hell rats
  7 gnolls
  8 adders
  A shadow imp (D:5)
  2 white imps
  4 worms
  4 dart slugs
  66 orcs
  6 bats
  9 endoplasms
  3 giant cockroaches
  7 goblins
  10 hobgoblins
  2 jackals
  5 quokkas
  5 ball pythons
  7 frilled lizards
  28 kobolds
  4 orc zombies (Depths:3)
  3 rats
  3 aspiring fleshes (Zot:3)
1442 creatures vanquished.

Vanquished Creatures (collateral kills)
  Parghit (Depths:4)
  Boris (Depths:3)
  Saint Roka (Depths:3)
  2 tentacled monstrosities
  A lich (Vaults:5)
  2 Orb Guardians (Zot:5)
  Asterion (Elf:1)
  A deep elf master archer (Elf:3)
  3 quicksilver dragons
  A sphinx (Vaults:2)
  3 death cobs
  Polyphemus (Shoals:2)
  A shadow dragon (Zot:3)
  2 storm dragons (Vaults:5)
  7 frost giants
  2 emperor scorpions
  A deep elf sorcerer (Elf:3)
  2 iron dragons
  3 fire giants
  A ghost moth (Zot:5)
  3 vault wardens (Vaults:5)
  6 ironbound preservers
  A formless jellyfish (Vaults:2)
  5 very ugly things
  A war gargoyle (Vaults:2)
  5 stone giants
  A deep elf demonologist (Elf:2)
  A vampire knight (Depths:3)
  A green draconian (Depths:4)
  2 red draconians
  2 deep elf annihilators
  A purple draconian (Zot:5)
  A minotaur (Gauntlet)
  4 deep elf death magi
  A blizzard demon (Depths:2)
  4 ettins
  4 merfolk javelineers
  A green death (Zot:5)
  A merfolk impaler (Shoals:2)
  2 entropy weavers
  3 fire dragons
  The ghost of Sixotir the Destroyer, a journeyman DsCj of Sif Muna (D:12)
  2 ice dragons
  An ice dragon (shapeshifter) (Vaults:4)
  A deep elf high priest (Elf:3)
  2 peacekeepers
  4 catoblepae
  A rakshasa (Depths:1)
  11 vault guards
  An alligator (Zot:1)
  2 hydras
  5 ironbound frosthearts
  A two-headed ogre (D:10)
  3 centaur warriors
  2 merfolk aquamancers
  3 death yaks
  An alligator snapping turtle (Shoals:4)
  A radroach (Spider:1)
  A deep troll shaman (Depths:3)
  2 deep troll earth magi
  A death knight (D:13)
  4 boulder beetles
  2 spriggan berserkers
  9 dancing weapons
  4 tengu warriors
  2 demonic crawlers (Spider:2)
  3 orc high priests (Orc:2)
  2 sun demons
  3 deep elf knights
  3 skysharks
  2 pharaoh ants
  2 skeletal warriors
  12 deep trolls
  2 sea snakes (Shoals:4)
  3 swamp dragons (Lair:1)
  4 orb spiders
  9 ironbound convokers
  A flayed ghost (Depths:2)
  10 harpies
  2 deep elf archers
  A lindwurm (shapeshifter) (Elf:1)
  9 deep elf pyromancers
  5 deep elf zephyrmancers
  8 orc knights
  2 phantasmal warriors
  17 ugly things
  A wolf spider zombie (Spider:3)
  6 wolf spiders
  4 cyclopes
  A moth of wrath (Zot:3)
  A faun (Shoals:3)
  A shining eye (shapeshifter) (Vaults:5)
  2 merfolk sirens
  2 black mambas
  6 manticores
  10 elephants
  2 salamanders (Volcano)
  A rust devil (Zot:1)
  A black mamba (shapeshifter) (Vaults:5)
  2 vault sentinels
  2 human skeletons (Vaults:4)
  A water nymph (Shoals:4)
  A torpor snail (Spider:4)
  A guardian serpent (shapeshifter) (Vaults:5)
  2 cane toads
  7 komodo dragons
  3 rime drakes
  2 unseen horrors
  A gargoyle (D:13)
  6 yaktaurs
  3 tengu conjurers
  A kobold demonologist (D:12)
  An ice devil (D:10)
  2 freezing wraiths
  A hellion (Depths:2)
  4 trolls
  A merfolk (shapeshifter) (Vaults:5)
  3 meliai
  15 merfolk
  3 wind drakes
  A wolf spider simulacrum (D:15)
  A hornet (D:10)
  11 tarantellas
  7 blink frogs
  A glass eye (Depths:3)
  6 snapping turtles
  2 dream sheep (Shoals:1)
  2 centaur simulacra
  11 slime creatures
  An air elemental (Elf:3)
  9 culicivoras
  12 jumping spiders
  8 water elementals
  18 yaks
  2 wyverns (Volcano)
  4 shadows
  2 wraiths (D:13)
  2 basilisks
  7 fire bats
  A steam dragon (Volcano)
  20 redbacks
  Menkaure (D:4)
  2 vampire mosquitoes
  A warg (D:15)
  5 water moccasins
  19 orc warriors
  A sky beast (D:7)
  2 black bears
  3 wolves
  A battlemage (Spider:1)
  4 ogres
  6 centaurs
  A phantom (D:4)
  An elf simulacrum (Vaults:4)
  4 bullfrogs
  3 kobold brigands
  A gnoll sergeant (D:9)
  An earth elemental (Elf:2)
  A wight (D:8)
  2 killer bees (D:11)
  2 elephant simulacra (D:13)
  4 howler monkeys
  A crimson imp (Spider:2)
  A jelly (Lair:4)
  12 orc priests
  3 hell rats (Lair:4)
  2 iguanas (D:5)
  6 orc wizards
  3 gnolls
  An adder (D:2)
  A worm (D:9)
  28 orcs
  3 endoplasms (Lair:4)
  A goblin (D:4)
  A hobgoblin (D:4)
  2 jackals (D:2)
  12 kobolds
  2 aspiring fleshes
626 creatures vanquished.

Vanquished Creatures (others)
  A vampire knight (Depths:2)
  6 very ugly thing zombies
  2 Orb Guardian zombies (Zot:5)
  2 sphinx zombies (Depths:4)
  2 storm dragon zombies (Vaults:5)
  A shadow dragon zombie (Vaults:5)
  An iron dragon zombie (Vaults:5)
  A deep elf pyromancer (D:14)
  A deep elf archer (Elf:1)
  A frost giant zombie (Vaults:5)
  3 wolf spider zombies
  3 stone giant zombies (Vaults:5)
  3 ugly thing zombies (Depths:2)
  A cane toad (Lair:2)
  5 elf zombies
  9 human zombies (Vaults:5)
  A yaktaur zombie (Vaults:5)
  11 redback zombies
  2 orb spider zombies
  A harpy zombie (Shoals:1)
  A demonic crawler zombie (Spider:4)
  2 hydra zombies (Depths:4)
  A spriggan zombie (Depths:2)
  5 tarantella zombies
  2 fire dragon zombies (Depths:4)
  A radroach zombie (Spider:1)
  4 culicivora zombies
  3 deep troll zombies
  A jumping spider zombie (Spider:1)
  A tyrant leech zombie (Spider:4)
  A redback (Spider:1)
  An ogre zombie (Vaults:5)
  2 entropy weaver zombies
  2 manticore zombies
  3 merfolk zombies
  A hell hound zombie (Depths:4)
  37 battlemagi
  2 ancestors
  An ufetubus (D:15)
  5 orc zombies (Orc:2)
133 creatures vanquished.

Grand Total: 2201 creatures vanquished

Table legend:
 A = Non-vault XP
 B = Vault XP
 C = Vault XP percentage of total XP
 D = Non-vault monster count
 E = Vault monster count
 F = Vault count percentage of total count
                 A         B        C        D         E       F
            +---------+---------+-------+---------+---------+-------
      Total |  505694 |  567021 |  52.9 |    1218 |     822 |  40.3
            +---------+---------+-------+---------+---------+-------
        D:1 |      32 |       2 |   5.9 |      21 |       1 |   4.5
        D:2 |      70 |       0 |   0.0 |      26 |       0 |   0.0
        D:3 |     147 |       6 |   3.9 |      23 |       3 |  11.5
        D:4 |     609 |     176 |  22.4 |      20 |       3 |  13.0
        D:5 |     446 |     173 |  27.9 |      15 |       1 |   6.2
        D:6 |     886 |     780 |  46.8 |      11 |       4 |  26.7
        D:7 |     921 |     188 |  17.0 |      16 |       2 |  11.1
        D:8 |     647 |       0 |   0.0 |      15 |       0 |   0.0
        D:9 |    2718 |     974 |  26.4 |      37 |       4 |   9.8
       D:10 |    2724 |    2134 |  43.9 |      25 |       7 |  21.9
       D:11 |    4288 |    2708 |  38.7 |      23 |      32 |  58.2
       D:12 |    9240 |    2072 |  18.3 |      33 |      16 |  32.7
       D:13 |    9706 |    4055 |  29.5 |      29 |      15 |  34.1
       D:14 |    3699 |   29244 |  88.8 |       7 |      45 |  86.5
       D:15 |    5437 |    2913 |  34.9 |      21 |       8 |  27.6
     Lair:1 |    5238 |    5166 |  49.7 |      23 |      15 |  39.5
     Lair:2 |    6261 |    1681 |  21.2 |      20 |       8 |  28.6
     Lair:3 |   12292 |    1441 |  10.5 |      39 |       3 |   7.1
     Lair:4 |   11279 |     923 |   7.6 |      30 |       9 |  23.1
     Lair:5 |   12372 |   11505 |  48.2 |      27 |      23 |  46.0
   Shoals:1 |   15604 |    4903 |  23.9 |      34 |       8 |  19.0
   Shoals:2 |   13588 |    6827 |  33.4 |      31 |       6 |  16.2
   Shoals:3 |   19824 |       0 |   0.0 |      38 |       0 |   0.0
   Shoals:4 |   14230 |   16760 |  54.1 |      28 |      29 |  50.9
   Spider:1 |   19848 |    1557 |   7.3 |      67 |       1 |   1.5
   Spider:2 |   10729 |    4844 |  31.1 |      24 |       7 |  22.6
   Spider:3 |   17138 |    2235 |  11.5 |      41 |       1 |   2.4
   Spider:4 |   15304 |   23571 |  60.6 |      35 |      49 |  58.3
      Orc:1 |    4001 |       0 |   0.0 |      50 |       0 |   0.0
      Orc:2 |    2667 |   13023 |  83.0 |      26 |      60 |  69.8
      Elf:1 |   10372 |    8464 |  44.9 |      16 |      12 |  42.9
      Elf:2 |    9987 |   10016 |  50.1 |      15 |      12 |  44.4
      Elf:3 |   15873 |   27720 |  63.6 |      26 |      29 |  52.7
   Vaults:1 |   13329 |   17322 |  56.5 |      17 |      24 |  58.5
   Vaults:2 |   16767 |   20558 |  55.1 |      34 |      23 |  40.4
   Vaults:3 |   14153 |   22370 |  61.2 |      19 |      30 |  61.2
   Vaults:4 |   48706 |   20539 |  29.7 |      74 |      26 |  26.0
   Vaults:5 |    9815 |  126640 |  92.8 |      15 |     112 |  88.2
   Depths:1 |   26129 |   15587 |  37.4 |      35 |      14 |  28.6
   Depths:2 |   33266 |   10208 |  23.5 |      45 |      11 |  19.6
   Depths:3 |   20560 |   43360 |  67.8 |      23 |      46 |  66.7
   Depths:4 |   24358 |   52044 |  68.1 |      31 |      55 |  64.0
      Zot:1 |   18311 |       0 |   0.0 |      14 |       0 |   0.0
      Zot:3 |    7997 |   16164 |  66.9 |       6 |      13 |  68.4
      Zot:4 |    1538 |    6242 |  80.2 |       1 |       4 |  80.0
      Zot:5 |   12588 |   15681 |  55.5 |      12 |       9 |  42.9
    Volcano |       0 |    9179 | 100.0 |       0 |      27 | 100.0
   Gauntlet |       0 |    5066 | 100.0 |       0 |      15 | 100.0
            +---------+---------+-------+---------+---------+-------

Skill      XL: |  1  2  3  4  5  6  7  8  9 10 11 12 13 14 15 16 17 18 19 20 21 22 23 24 25 |
---------------+----------------------------------------------------------------------------+-----
Conjurations   | 1 2 3 4 7 8 |  8.0
Summonings     | 1 2 |  2.0
Fighting       | 1 3 4 5 9 10 11 12 13 14 15 16 18 20 21 | 21.0
Spellcasting   | 3 5 7 8 10 | 10.0
Ice Magic      | 2 4 6 8 10 11 12 | 12.0
Short Blades   | 2 |  2.0
Air Magic      | 3 4 7 8 |  8.0
Poison Magic   | 3 4 7 |  7.5
Shields        | 7 11 14 16 17 19 20 | 20.0
Invocations    | 6 8 |  8.0
Evocations     | 4 |  4.0
Armour         | 8 12 | 12.0
Necromancy     | 6 8 12 | 12.0
Dodging        | 2 4 7 8 |  8.0
Polearms       | 8 12 14 | 14.0
Transmutations | 4 |  4.0
Stealth        | 12 14 | 14.0
Translocations | |  1.0

Action                     |  1- 3 |  4- 6 |  7- 9 | 10-12 | 13-15 | 16-18 | 19-21 | 22-24 | 25-27 || total
---------------------------+-------+-------+-------+-------+-------+-------+-------+-------+-------++-------
  Melee: Dagger            |    73 |   130 |   204 |   286 |   612 |       |       |       |       ||  1305
         Tailslap          |     7 |    19 |    39 |    57 |   204 |   183 |   269 |   325 |    71 ||  1174
         Punch             |     1 |     1 |     1 |     1 |       |       |       |       |       ||     4
         Bite              |       |       |       |       |   159 |   148 |   206 |   233 |    45 ||   791
         Spear             |       |       |       |       |   287 |   965 |  1536 |   467 |       ||  3255
         Lance             |       |       |       |       |       |       |       |  1205 |   328 ||  1533
  Throw: Dart              |       |    10 |     4 |     4 |       |     1 |       |       |       ||    19
   Cast: Magic Dart        |    75 |    87 |     3 |       |       |       |       |       |       ||   165
         Call Imp          |     3 |     8 |    13 |     1 |     1 |       |       |       |       ||    26
         Frozen Ramparts   |       |     1 |    37 |    30 |    36 |     4 |     2 |     1 |       ||   111
         Mephitic Cloud    |       |       |     6 |    19 |    60 |     8 |     2 |       |       ||    95
         Animate Dead      |       |       |       |       |     3 |     5 |     5 |     9 |     1 ||    23
         Freezing Cloud    |       |       |       |       |       |       |    24 |    19 |     1 ||    44
         Wereblood         |       |       |       |       |       |       |    10 |    13 |     2 ||    25
 Invoke: Ancestor Life: Ba |       |       |     1 |       |       |       |       |       |       ||     1
         Recall Ancestor   |       |       |       |     4 |     2 |     1 |     2 |     4 |    10 ||    23
         Idealise          |       |       |       |     1 |     8 |     4 |     5 |     3 |     2 ||    23
  Evoke: Wand              |       |       |       |     2 |     8 |     3 |       |       |     3 ||    16
         Lightning rod     |       |       |       |       |       |     4 |       |     4 |       ||     8
         Condenser vane    |       |       |       |       |       |       |       |     1 |       ||     1
    Use: Potion            |     1 |       |       |     2 |     6 |     1 |     2 |     7 |    11 ||    30
         Scroll            |       |       |     9 |    16 |     8 |     5 |     7 |    10 |    13 ||    68
   Stab: Sleeping          |     1 |     1 |     1 |     3 |     6 |     4 |     2 |    12 |     3 ||    33
         Distracted        |       |     2 |     1 |       |    17 |    17 |    16 |    22 |    11 ||    86
         Confused          |       |       |       |     4 |    19 |     6 |     1 |       |       ||    30
         Petrified         |       |       |       |       |     9 |       |       |       |       ||     9
         Petrifying        |       |       |       |       |     2 |       |       |       |       ||     2
 Armour: Robe              |    50 |    81 |   156 |   209 |   350 |   185 |   269 |   475 |    96 ||  1871
  Dodge: Dodged            |    32 |    43 |    72 |    92 |   127 |    94 |   142 |   188 |    49 ||   839
  Block: Tower shield      |       |       |       |   275 |   801 |   478 |   712 |   904 |   249 ||  3419

Illustrated notes

Table legend:
 A = Kills in this place as a percentage of kills in the entire game.
 B = Kills by you in this place as a percentage of kills by you in the entire game.
 C = Kills by friends in this place as a percentage of kills by friends in the entire game.
 D = Other kills in this place as a percentage of other kills in the entire game.
 E = Experience gained in this place as a percentage of experience gained in the entire game.
 F = Experience gained in this place divided by the number of levels of this place that you have seen.
                   A       B       C       D       E      F
               +-------+-------+-------+-------+-------+----------------------
         Total | 100.0 | 100.0 | 100.0 | 100.0 | 100.0 | 21333.3
       Dungeon |  22.8 |  24.1 |  20.5 |  13.3 |   8.6 | 6238.1
          Lair |   9.6 |   8.2 |  11.1 |  43.3 |   6.3 | 13631.6
        Shoals |   8.5 |   7.4 |  11.4 |   0.0 |   8.4 | 22934.0
   Spider Nest |  11.0 |  10.8 |  11.8 |   3.3 |   8.8 | 23806.5
  Orcish Mines |   6.6 |   5.6 |   8.1 |  26.7 |   1.8 | 9845.5
   Elven Halls |   5.4 |   5.0 |   6.3 |   3.3 |   7.6 | 27477.3
        Vaults |  18.2 |  19.5 |  16.3 |   0.0 |  28.5 | 62039.8
        Depths |  12.9 |  15.4 |   7.7 |   3.3 |  21.5 | 58434.5
           Zot |   2.9 |   3.1 |   2.7 |   0.0 |   7.3 | 15799.8
       Volcano |   1.3 |   0.5 |   2.9 |   6.7 |   0.8 | 9179.0
      Gauntlet |   0.7 |   0.5 |   1.3 |   0.0 |   0.5 | 5066.0
               +-------+-------+-------+-------+-------+----------------------

Table legend: (Time is in decaauts)
 A = Elapsed time spent in this place.
 B = Non-inter-level travel time spent in this place.
 C = Inter-level travel time spent in this place.
 D = Time resting spent in this place.
 E = Time spent auto-exploring this place.
 F = Levels seen in this place.
 G = Mean time per level.
                   A        B        C        D        E       F      G
               +--------+--------+--------+--------+--------+-----+--------+
         Total |  49874 |  45142 |   4732 |   4636 |  30205 |  51 |  977.9 |
       Dungeon |  18025 |  15999 |   2026 |   2605 |  10079 |  15 | 1201.7 |
        Temple |     43 |      2 |     41 |      0 |      0 |   1 |   43.0 |
          Lair |   5776 |   5250 |    526 |    396 |   3687 |   5 | 1155.2 |
        Shoals |   3446 |   3314 |    132 |    148 |   2427 |   4 |  861.5 |
   Spider Nest |   3672 |   3479 |    193 |    236 |   2488 |   4 |  918.0 |
  Orcish Mines |   1595 |   1450 |    145 |    128 |    875 |   2 |  797.5 |
   Elven Halls |   2380 |   2333 |     47 |    199 |   1524 |   3 |  793.3 |
        Vaults |   6948 |   5968 |    980 |    164 |   4526 |   5 | 1389.6 |
        Depths |   5751 |   5184 |    567 |    432 |   3729 |   4 | 1437.8 |
           Zot |   1185 |   1114 |     71 |    175 |    535 |   5 |  237.0 |
         Trove |     92 |     92 |      0 |      0 |      0 |   1 |   92.0 |
       Volcano |    574 |    574 |      0 |     96 |    191 |   1 |  574.0 |
      Gauntlet |    381 |    381 |      0 |     56 |    144 |   1 |  381.0 |
               +--------+--------+--------+--------+--------+-----+--------+

Top non-repeatable levels by time:
Vaults:1: 1667 daAuts
Depths:3: 1623 daAuts
     D:9: 1572 daAuts
     D:6: 1552 daAuts
  Lair:5: 1527 daAuts
     D:3: 1526 daAuts
    D:14: 1525 daAuts
Depths:2: 1464 daAuts
Depths:4: 1462 daAuts
Vaults:5: 1367 daAuts
Vaults:3: 1358 daAuts
     D:1: 1355 daAuts
     D:4: 1344 daAuts
Vaults:2: 1310 daAuts
   Elf:3: 1261 daAuts
